Cogmind - Beta 14 @@@ ROGUE MODE // 2025.03.20 @ 20:43:27 Player: Dosh Result: Escaped! Performance ------------- Evolutions (9) 4500 Regions Visited (43) 8600 Robots Destroyed (641) 3205 Value Destroyed (23158) 23158 Prototype IDs (117) 2340 Alien Tech Used (10) 2000 Bonus (17274) 17274 TOTAL SCORE: 61077 Bonus ------- High Alert Combat Kills 3867 Follower Combat Kills 3273 Built PL-3XN's Obliterator 1000 Entered Garrisons 400 Network Hubs Disabled 800 Aligned with FarCom 300 Met Data Miner 300 Acquired ECA 300 Met Zhirov 300 Built Enhanced Grunts 300 A7 Reached Mainframe 300 Found Hidden Lab 3000 Scanned by Researcher 500 Pursued by Intercept 1000 Win 3000 Friendly Fire -1366 Cogmind --------- Core Integrity 1274/1600 Matter 125/300 Energy 133/135 System Corruption 1% Temperature Cool (5) Movement Flying (15) Location To Epsilon Eridani Parts ------- > --- POWER (2) -------- Compact Particle Reactor > --- PROPULSION (7) --- Cooled Nuclear Pulse Thruster Integrated Tracker Drive Integrated Tracker Drive Electron Diverter > --- UTILITY (13) ----- Medium Storage Unit Experimental Sensor Array Experimental Signal Interpreter Experimental Terrain Scanner Experimental Terrain Scan Processor Experimental Targeting Computer Experimental Targeting Computer Experimental Utility Shielding Advanced Hardlight Generator System Mapper System Mapper Deep Network Scanner Quantum Router > --- WEAPON (3) ------- Plasma Sword > --- INVENTORY (10) --- Cooled Nuclear Pulse Thruster Advanced Matter Compressor (396) Advanced Matter Compressor (0) Advanced Quantum Shading Machine Enhanced Optical Array Femtoactuators Transdimensional Reconstructor High-powered Transdimensional Reconstructor Peak State ------------ > --- POWER ------------ Compact Particle Reactor Graviton Reactor > --- PROPULSION ------- Cooled Nuclear Pulse Thruster Cooled Nuclear Pulse Thruster Cooled Nuclear Pulse Thruster Integrated Tracker Drive Q-thruster Electron Diverter Cooled Impulse Thruster > --- UTILITY ---------- Medium Storage Unit Advanced Quantum Shading Machine Experimental Sensor Array Experimental Signal Interpreter Experimental Terrain Scanner Experimental Terrain Scan Processor Experimental Targeting Computer Experimental Reaction Control System Experimental Phase Shifter System Mapper System Mapper Deep Network Scanner Quantum Router > --- WEAPON ----------- PL-3XN's Obliterator Plasma Sword > --- INVENTORY -------- Graviton Reactor Cooled Nuclear Pulse Thruster Advanced Matter Compressor Advanced Matter Compressor Femtoactuators Transdimensional Reconstructor High-powered Transdimensional Reconstructor Integrity Redistributor Hypervelocity Multirail Mini Smartbomb Launcher [Rating: 225] Favorites ----------- Power Backup Power VII Engine Heavy Ion Engine Power Core Backup Power VII Reactor Graviton Reactor Propulsion Cooled Nuclear Pulse Thruster Treads Light Treads Flight Unit Cooled Nuclear Pulse Thruster Utility Advanced Hacking Suite Device Long-range Sensor Array Storage Huge Storage Unit Processor Experimental Signal Interpreter Hackware Advanced Hacking Suite Protection Hardened Light Armor Plating Weapon Autogun Energy Gun Backup Laser III Energy Cannon Cooled Plasma Cannon Ballistic Gun Autogun Ballistic Cannon PL-3XN's Obliterator Launcher Heavy Missile Launcher Slashing Weapon Plasma Sword Piercing Weapon Lance Special Melee Weapon Improved Datajack Build | -11 -10 -10 -9 -9 -9 -8 -8 -8 -8 -8 -8 -7 -7 -7 -7 -7 -7 -6 -6 -6 -6 -6 -6 -6 -6 -5 -5 -5 -5 -5 -5 -4 -4 -4 -4 -4 -4 -3 -3 -2 -2 -2 -1 ------- Run | Yrd Mat Min Mat Min Exi Min Mat Gar Mat Gar Mat Fac Was Fac Low Low Dat Pro Fac Was Fac Ext Cet Arc Hub Fac Was Fac Upp Upp Zhi Pro Fac Was Fac Arm Lab Res Tes Res Qua Sec Acc Slots Evolved 18 | . . . 2 . . . 2 . . . . 2 . . . . . . 2 . . . . . . 2 . . . . . . 2 . . . . 2 . 2 . . 2 Power 1 | . . . . . . . . . . . . . . . . . . . . . . . . . . . . . . . . . 1 . . . . . . . . . . Propulsion 5 | . . . 1 . . . . . . . . 1 . . . . . . . . . . . . . 1 . . . . . . . . . . . . . 1 . . 1 Utility 11 | . . . 1 . . . 2 . . . . 1 . . . . . . 2 . . . . . . 1 . . . . . . 1 . . . . 2 . 1 . . . Weapon 1 | . . . . . . . . . . . . . . . . . . . . . . . . . . . . . . . . . . . . . . . . . . . 1 Parts Attached 537 | 6 2 4 26 7 4 7 33 25 16 3 34 19 3 35 2 . . 7 31 1 5 9 . 1 2 47 . 38 . 6 2 4 22 . 16 13 5 13 18 7 6 32 26 Power 37 | 1 . 1 2 . . . 2 2 1 . 2 1 . 7 . . . 2 3 . . . . . . 1 . . . . . . 4 . 3 . . 1 . . 1 1 2 Engine 12 | 1 . 1 2 . . . . 2 1 . 1 1 . 3 . . . . . . . . . . . . . . . . . . . . . . . . . . . . . Core 14 | . . . . . . . 2 . . . 1 . . 4 . . . 1 3 . . . . . . 1 . . . . . . 1 . . . . 1 . . . . . Reactor 11 | . . . . . . . . . . . . . . . . . . 1 . . . . . . . . . . . . . . 3 . 3 . . . . . 1 1 2 Propulsion 115 | 2 . 2 12 1 2 1 12 3 4 . 4 4 . 12 . . . . 5 . 1 4 . . . 12 . 6 . . . . 4 . 3 3 . 2 3 1 1 4 7 Treads 42 | 2 . 2 12 1 2 1 11 3 4 . 4 . . . . . . . . . . . . . . . . . . . . . . . . . . . . . . . . Leg . | . . . . . . . . . . . . . . . . . . . . . . . . . . . . . . . . . . . . . . . . . . . . Wheel . | . . . . . . . . . . . . . . . . . . . . . . . . . . . . . . . . . . . . . . . . . . . . Hover . | . . . . . . . . . . . . . . . . . . . . . . . . . . . . . . . . . . . . . . . . . . . . Flight 73 | . . . . . . . 1 . . . . 4 . 12 . . . . 5 . 1 4 . . . 12 . 6 . . . . 4 . 3 3 . 2 3 1 1 4 7 Utility 173 | 1 2 . 6 4 . . 12 3 3 1 6 12 1 9 . . . 2 11 . 3 2 . . . 13 . 19 . 3 1 . 7 . 5 10 3 4 4 1 2 16 7 Device 84 | . . . 3 1 . . 3 2 1 1 1 7 . 6 . . . 2 9 . . 1 . . . 5 . 6 . 3 1 . 2 . 2 5 . 2 2 1 1 13 4 Storage 7 | 1 1 . 1 . . . . . . . . 1 . . . . . . . . . 1 . . . . . 2 . . . . . . . . . . . . . . . Processor 13 | . . . . . . . . . . . 1 1 . 1 . . . . . . . . . . . 1 . 5 . . . . . . 1 . . 1 . . . . 2 Hackware 21 | . . . . . . . 1 . 1 . 1 3 1 1 . . . . 2 . 2 . . . . 3 . 1 . . . . 3 . . . 1 . 1 . . . . Protection 48 | . 1 . 2 3 . . 8 1 1 . 3 . . 1 . . . . . . 1 . . . . 4 . 5 . . . . 2 . 2 5 2 1 1 . 1 3 1 Artifact . | . . . . . . . . . . . . . . . . . . . . . . . . . . . . . . . . . . . . . . . . . . . . Weapon 212 | 2 . 1 6 2 2 6 7 17 8 2 22 2 2 7 2 . . 3 12 1 1 3 . 1 2 21 . 13 . 3 1 4 7 . 5 . 2 6 11 5 2 11 10 Energy Gun 1 | . . . 1 . . . . . . . . . . . . . . . . . . . . . . . . . . . . . . . . . . . . . . . . Energy Cannon 49 | . . . . . . . . 1 2 . . . 1 1 1 . . 1 3 . . 2 . . 2 11 . 1 . . 1 1 4 . 2 . 2 4 3 3 1 2 . Ballistic Gun 55 | 2 . 1 5 1 2 5 6 11 3 2 11 . . . . . . . . . . . . . . . . . . . . . . . . . . . 1 . . 3 2 Ballistic Cannon 4 | . . . . . . . . . . . . . . . . . . . . . . . . . . . . . . . . . . . . . . . . . . 1 3 Launcher 55 | . . . . 1 . 1 1 2 2 . 11 . . 2 . . . . 2 . . . . . . 3 . 4 . 2 . 2 2 . 2 . . 2 6 2 1 3 4 Special Weapon . | . . . . . . . . . . . . . . . . . . . . . . . . . . . . . . . . . . . . . . . . . . . . Impact Weapon . | . . . . . . . . . . . . . . . . . . . . . . . . . . . . . . . . . . . . . . . . . . . . Slashing Weapon 36 | . . . . . . . . 3 1 . . 1 1 2 1 . . 2 5 1 1 1 . . . 3 . 6 . 1 . 1 1 . 1 . . . 1 . . 2 1 Piercing Weapon 3 | . . . . . . . . . . . . . . . . . . . . . . . . . . 3 . . . . . . . . . . . . . . . . . Special Melee Weapon 9 | . . . . . . . . . . . . 1 . 2 . . . . 2 . . . . 1 . 1 . 2 . . . . . . . . . . . . . . . Unidentified Prototypes 31 | . . . . . . . 2 . . . . . . 1 . . . 2 1 . . . . . . 3 . 5 . 1 1 . . . . 1 4 1 2 . 3 2 2 Parts Lost 56 | . . 4 2 2 . 2 5 4 . 1 5 . . 2 . . . . 10 . . . . . . 3 . . . . . . 2 . . . . . . . . 3 11 Power 14 | . . 1 1 . . . 1 2 . . 2 . . 1 . . . . 1 . . . . . . 1 . . . . . . 1 . . . . . . . . 1 2 Propulsion 18 | . . 2 . 1 . 1 1 1 . . 1 . . . . . . . 4 . . . . . . 1 . . . . . . 1 . . . . . . . . 1 4 Utility 14 | . . . . 1 . . 3 . . 1 1 . . 1 . . . . 3 . . . . . . . . . . . . . . . . . . . . . . 1 3 Weapon 10 | . . 1 1 . . 1 . 1 . . 1 . . . . . . . 2 . . . . . . 1 . . . . . . . . . . . . . . . . 2 Highest Loss Streak 6 | . . 4 2 1 . 1 3 2 . 1 2 . . 1 . . . . 4 . . . . . . 1 . . . . . . 1 . . . . . . . . 3 6 To Critical Strikes . | . . . . . . . . . . . . . . . . . . . . . . . . . . . . . . . . . . . . . . . . . . . . Average Slot Usage (%) 95 | . 98 93 99 100 88 100 99 95 89 90 89 99 100 99 100 100 100 99 88 85 96 93 93 93 93 95 100 97 94 94 98 100 94 100 99 99 95 94 97 100 99 97 89 Engine 4 | . 14 8 10 11 11 11 1 3 8 9 3 4 7 2 . . . . . . . . . . . . . . . . . . . . . . . . . . . . . Core 3 | . . . . . . . 7 5 . . 5 2 . 4 7 7 7 7 5 6 6 6 6 6 6 4 5 5 5 5 5 5 3 . . . . 1 4 4 4 3 . Reactor 1 | . . . . . . . . . . . . . . . . . . . . . . . . . . . . . . . . . 5 10 9 10 10 6 4 4 4 4 7 Treads 15 | . 28 27 33 33 33 33 26 27 26 27 26 . . . . . . . . . . . . . . . . . . . . . . . . . . . . . . . . Flight 11 | . . . . . . . . . . . . 29 30 29 30 30 30 30 22 20 24 24 26 26 26 27 29 28 29 29 29 29 25 26 25 25 26 23 22 26 25 24 22 Device 8 | . . . 9 . . . 11 17 11 9 8 6 7 6 7 7 7 6 4 6 6 6 6 6 6 5 5 5 5 4 5 5 8 10 10 11 10 12 14 17 17 17 18 Storage 8 | . 14 14 11 11 11 11 9 9 9 9 9 7 7 7 7 7 7 7 6 6 6 6 6 6 6 5 5 5 5 5 5 5 5 5 5 5 5 4 4 4 4 4 4 Processor 2 | . . . . . . . . . . . . 6 7 7 7 7 7 7 6 6 6 6 6 6 6 5 5 7 5 5 5 5 5 5 5 5 5 9 9 8 8 8 10 Hackware 13 | . . . . . . . 2 5 6 9 9 23 23 21 23 23 23 23 31 26 27 26 26 26 26 29 29 23 23 23 23 23 27 26 26 26 23 19 19 17 17 17 16 Protection 9 | . 12 14 12 21 22 22 21 9 8 9 8 . . . . . . . . . 4 6 6 6 6 4 5 5 11 11 11 11 4 5 4 3 6 7 8 8 7 7 2 Ballistic Gun 10 | . 28 27 21 21 10 21 17 15 17 18 10 . . . . . . . . . . . . . . . . . . . . . . . . . . . . . . 1 2 Slashing Weapon 2 | . . . . . . . . 1 . . . 6 6 6 6 7 7 7 4 4 5 5 6 6 6 2 5 4 5 4 5 4 5 5 4 5 5 4 3 4 4 3 4 Peak Build Rating 225 | 6 10 10 20 20 23 27 43 65 67 62 61 56 57 62 60 60 62 68 80 65 90 90 88 95 96 122 122 123 118 124 125 125 148 147 151 151 160 177 182 196 197 201 225 Average Rating 72 | 4 9 9 18 19 19 26 39 52 62 60 57 52 56 58 60 60 61 61 71 63 84 87 88 88 89 107 122 117 118 118 122 125 139 147 147 148 147 166 172 193 194 194 197 On Entrance 89 | . 6 10 10 20 20 23 27 43 65 62 60 52 55 57 60 60 60 62 62 65 65 90 88 88 89 89 122 122 118 118 118 125 125 147 147 150 151 160 167 176 196 197 195 Naked Turns . | . . . . . . . . . . . . . . . . . . . . . . . . . . . . . . . . . . . . . . . . . . . . Heaviest Build 134 | 13 53 53 104 105 104 106 122 133 134 131 127 18 15 20 23 16 16 16 24 17 16 27 20 20 20 30 28 31 28 32 36 37 54 54 54 55 67 68 58 59 59 60 68 Greatest Support 91 | 40 40 40 60 60 60 63 67 79 79 79 79 20 20 20 28 28 28 20 28 15 28 28 28 20 20 42 30 55 30 33 30 39 55 55 70 67 55 71 65 74 77 77 91 Greatest Overweight (x) 6 | . 1 1 1 1 1 1 2 2 1 1 1 . . . 1 . . . 1 1 1 6 . . . 3 . 1 . . 1 1 1 . . 1 1 1 1 . 1 1 1 Average Overweight (x) . | . . 1 . 1 1 1 1 1 1 1 1 . . . . . . . . . . . . . . . . . . . . . . . . . . . . . . . . Largest Inventory Capacity 25 | 8 20 20 25 25 25 25 25 25 25 25 25 25 8 8 8 8 8 8 8 8 8 10 10 10 10 10 10 10 10 10 10 10 10 10 10 10 10 10 10 10 10 10 10 Average Capacity 17 | 6 18 20 21 25 25 25 25 25 25 25 25 8 8 8 8 8 8 8 8 8 8 9 10 10 10 10 10 10 10 10 10 10 10 10 10 10 10 10 10 10 10 10 10 Most Carried 25 | 1 16 16 23 24 25 25 25 25 25 25 25 25 8 8 8 8 8 8 8 8 7 9 9 10 10 10 10 10 10 10 10 10 10 9 10 10 10 10 10 10 10 10 10 Average Carried 16 | . 13 14 19 22 24 24 24 24 24 24 23 8 7 7 8 8 7 8 6 6 6 8 9 9 9 9 10 8 10 9 9 10 9 8 9 9 7 9 9 8 9 9 9 Final Capacity 25 | 8 20 20 25 25 25 25 25 25 25 25 25 8 8 8 8 8 8 8 8 8 8 10 10 10 10 10 10 10 10 10 10 10 10 10 10 10 10 10 10 10 10 10 10 Final Carried 25 | 1 16 13 23 23 25 24 25 25 25 24 25 8 8 8 8 8 8 8 6 6 7 9 9 10 10 10 10 10 10 10 10 10 9 9 10 10 10 10 10 10 10 10 8 Class Distribution -------------------- 54% | Mutant 26% | Wizard-Sprinter 7% | Hacker-Sprinter 4% | Wizard-Scout 4% | Wizard-Mutant Dominant Class ---------------- Mutant | -10/Materials Mutant | -10/Mines Mutant | -9/Materials Mutant | -9/Mines Mutant | -9/Exiles Mutant | -8/Mines Mutant | -8/Materials Mutant | -8/Garrison Mutant | -8/Materials Mutant | -8/Garrison Mutant | -8/Materials Hacker-Sprinter | -7/Factory Hacker-Sprinter | -7/Waste Hacker-Sprinter | -7/Factory Hacker-Sprinter | -7/Lower Caves Hacker-Sprinter | -7/Lower Caves Hacker-Sprinter | -7/Data Miner Hacker-Sprinter | -6/Proximity Caves Wizard-Sprinter | -6/Factory Hacker-Mutant | -6/Waste Wizard-Sprinter | -6/Factory Wizard-Sprinter | -6/Extension Wizard-Sprinter | -6/Cetus Wizard-Sprinter | -6/Archives Wizard-Sprinter | -6/Hub_04(d) Wizard-Sprinter | -5/Factory Wizard-Sprinter | -5/Waste Wizard-Sprinter | -5/Factory Wizard-Sprinter | -5/Upper Caves Wizard-Sprinter | -5/Upper Caves Wizard-Mutant | -5/Zhirov Wizard-Mutant | -4/Proximity Caves Wizard-Sprinter | -4/Factory Wizard-Sprinter | -4/Waste Wizard-Sprinter | -4/Factory Wizard-Sprinter | -4/Armory Wizard-Sprinter | -4/Lab Wizard-Scout | -3/Research Wizard-Scout | -3/Testing Wizard-Scout | -2/Research Wizard-Scout | -2/Quarantine Wizard-Sprinter | -2/Section 7 Wizard-Scout | -1/Access Resources | -11 -10 -10 -9 -9 -9 -8 -8 -8 -8 -8 -8 -7 -7 -7 -7 -7 -7 -6 -6 -6 -6 -6 -6 -6 -6 -5 -5 -5 -5 -5 -5 -4 -4 -4 -4 -4 -4 -3 -3 -2 -2 -2 -1 ----------- Run | Yrd Mat Min Mat Min Exi Min Mat Gar Mat Gar Mat Fac Was Fac Low Low Dat Pro Fac Was Fac Ext Cet Arc Hub Fac Was Fac Upp Upp Zhi Pro Fac Was Fac Arm Lab Res Tes Res Qua Sec Acc Matter Collected 15171 | 234 335 52 1063 234 . 398 1789 1306 777 548 1532 288 . 398 100 . . 50 315 83 60 90 . 10 20 700 20 630 . 235 . 195 285 77 295 192 . 261 323 144 158 1143 831 Remotely . | . . . . . . . . . . . . . . . . . . . . . . . . . . . . . . . . . . . . . . . . . . . . Salvage Created 23606 | . 782 49 1712 52 . 333 2587 996 1325 687 2453 654 . 766 . 30 26 182 474 . 49 537 72 336 240 1730 . 1281 . 198 . 152 545 . 662 90 . 384 403 827 295 2154 543 Parts 1261 | . 50 4 104 1 . 30 142 41 85 41 130 29 . 47 . 3 5 2 36 . 6 25 . 21 17 80 . 69 . 9 . 7 22 . 43 6 . 17 21 53 11 83 21 Haulers Intercepted 29 | . 2 . 5 . . . 5 . 1 . 1 1 . 3 . . . . . . . . . . . 6 . 2 . 1 . . 1 . 1 . . . . . . . . Recyclers Shooed 8 | . 2 . 1 . . . . . . . 1 1 . . . . . . . . . . . . . 3 . . . . . . . . . . . . . . . . . Parts Field Recycled . | . . . . . . . . . . . . . . . . . . . . . . . . . . . . . . . . . . . . . . . . . . . . Retrieved Matter . | . . . . . . . . . . . . . . . . . . . . . . . . . . . . . . . . . . . . . . . . . . . . Parts Self-Destructed 24 | . . . . . . . . . . . . . . . . 3 . 2 . . . . . . . . . . 1 9 . 9 . . . . . . . . . . . Prevented 4 | . . . . . . . . . . . . . . . . . . . . . . . . . . . . . 4 . . . . . . . . . . . . . . Kills | -11 -10 -10 -9 -9 -9 -8 -8 -8 -8 -8 -8 -7 -7 -7 -7 -7 -7 -6 -6 -6 -6 -6 -6 -6 -6 -5 -5 -5 -5 -5 -5 -4 -4 -4 -4 -4 -4 -3 -3 -2 -2 -2 -1 ------- Run | Yrd Mat Min Mat Min Exi Min Mat Gar Mat Gar Mat Fac Was Fac Low Low Dat Pro Fac Was Fac Ext Cet Arc Hub Fac Was Fac Upp Upp Zhi Pro Fac Was Fac Arm Lab Res Tes Res Qua Sec Acc Combat Hostiles Destroyed 411 | . 15 3 26 12 . 14 41 20 27 17 54 3 . 11 . . . . 6 . . 2 . . 2 22 . 20 . 10 . 8 7 . 16 1 . 3 10 12 4 34 11 Melee 39 | . . . . . . . . . . . . 3 . 5 . . . . 1 . . 1 . . 2 . . 2 . . . . 1 . . . . . . 1 . 22 1 Guns 171 | . 15 3 25 5 . 5 37 14 18 17 26 . . . . . . . . . . . . . . . . . . . . . . . . . . . . . . 2 4 Cannons 32 | . . . . . . . . 1 1 . . . . . . . . . . . . . . . . 12 . . . . . . . . . 1 . . 3 3 . 5 6 AOE 164 | . . . . 7 . 9 4 5 8 . 28 . . 6 . . . . 5 . . . . . . 10 . 18 . 10 . 8 6 . 15 . . 3 7 8 4 3 . Classes Destroyed 24 | . 6 . 6 2 . 2 2 1 1 . . 1 . . . 1 . . . . . . . . 1 . . . . . . . . . . . . . . . . 1 . Worker 36 | . 1 . 3 . . 2 4 . . . 7 3 . . . . . . 1 . . . . . . 5 . 1 . . . . . . 2 . . . . 1 . 3 3 Builder 25 | . . . 2 . . . 2 . 1 . 4 2 . 2 . . . . 2 . 1 1 . . 1 1 . . . . . . . . . . . . . 2 . 2 2 Tunneler 7 | . . . . . . 2 2 . . . . . . . . . . . . . . . . . . . . 1 . . . . . . 2 . . . . . . . . Hauler 29 | . 2 . 5 . . . 5 . 1 . 1 1 . 3 . . . . . . . . . . . 6 . 2 . 1 . . 1 . 1 . . . . . . . . Recycler 28 | . . . 1 . . 1 2 . . . 4 4 . 1 . . . . 2 . . 3 . . . 1 . 2 . . . . 2 . 1 . . 2 . 1 1 . . Minesweeper 1 | . . . . . . . . . . . . . . . . 1 . . . . . . . . . . . . . . . . . . . . . . . . . . . Mechanic 5 | . . . 2 . . . . . . . 3 . . . . . . . . . . . . . . . . . . . . . . . . . . . . . . . . Operator 16 | . 1 . . 1 . . 1 . 1 . 2 . . . . . . . . . 1 . . 9 . . . . . . . . . . . . . . . . . . . Watcher 92 | . 3 . 5 . . . 5 . 3 . 4 2 . 6 . . . . 6 . . 3 . . 4 9 . 10 . . . . 4 . 4 1 . 3 3 7 3 4 3 Swarmer 147 | . 3 3 3 . . 11 7 3 3 6 4 . . 3 . . . . 6 . . 1 . . . 11 . 11 . 5 . 8 7 . 15 . . 3 8 9 4 13 . Cutter 4 | . . . . . . . . . . . . . . . . . . . . . . . . . 1 . . . . . . . . . . . . . . . . 3 . Grunt 145 | . 12 . 10 . . . 20 11 10 6 32 2 . 6 . . . . . . . . . . . 9 . 8 . 5 . . . . . . . . 2 . . 10 2 Brawler 11 | . . . 1 . . . 1 . 3 . 6 . . . . . . . . . . . . . . . . . . . . . . . . . . . . . . . . Duelist 4 | . . . 2 . . . . . . . 2 . . . . . . . . . . . . . . . . . . . . . . . . . . . . . . . . Protector 4 | . . . . . . . . . 1 . 3 . . . . . . . . . . . . . . . . . . . . . . . . . . . . . . . . Researcher 3 | . . . . . . . . . . . . . . . . . . . . . . . . . . . . . . . . . . . . . . . . . . 3 . Sentry 49 | . . . 10 . . . 9 5 9 5 6 . . . . . . . . . . . . . 1 . . . . . . . . . . . . . . . . 4 . Demolisher 2 | . . . . 2 . . . . . . . . . . . . . . . . . . . . . . . . . . . . . . . . . . . . . . . Specialist 2 | . . . . . . . 2 . . . . . . . . . . . . . . . . . . . . . . . . . . . . . . . . . . . . Hunter 10 | . . . . . . 3 1 . 1 . 1 . . . . . . . . . . . . . . . . . . . . . . . . . . . . . . . 4 Programmer 10 | . . . . . . . . . . . . 1 . 2 . . . . . . . . . . . 2 . 1 . . . . . . . 1 . . . 3 . . . Heavy 1 | . . . . . . . 1 . . . . . . . . . . . . . . . . . . . . . . . . . . . . . . . . . . . . Behemoth 3 | . . . . . . . . 1 . . . . . . . . . . . . . 1 . . . . . . . . . . . . 1 . . . . . . . . Tracker 7 | . . . . . . . . . . . . . . . . . . . . . . . . . . . . . . . . . . . . . . . . . . 2 5 Combat Programmer 2 | . . . . . . . . . . . . . . . . . . . . . . . . . . . . . . . . . . . . . . . . . . 2 . Assembled 10 | . . . . 10 . . . . . . . . . . . . . . . . . . . . . . . . . . . . . . . . . . . . . . . Best Kill Streak 13 | . 4 3 4 8 . 8 5 3 8 4 7 5 . 5 . 1 1 . 8 . 1 3 . 8 3 7 . 7 . 6 . 4 6 . 13 1 . 5 8 8 5 9 9 Combat Bots Only 10 | . 3 3 3 8 . 8 4 3 8 4 5 2 . 3 . . . . 6 . . 1 . . 1 4 . 6 . 5 . 4 5 . 10 1 . 3 8 5 4 9 4 Max Kills in Single Turn 8 | . 1 1 1 3 . 4 4 2 4 2 4 1 . 3 . 1 1 . 2 . 1 1 1 1 2 3 . 4 . 3 . 2 3 . 8 1 . 2 2 5 3 3 7 Gunslinging . | . . . . . . . . . . . . . . . . . . . . . . . . . . . . . . . . . . . . . . . . . . . . Exploded 5 | . . . . 3 . 4 3 2 4 . 3 . . 3 . . . . 2 . . . . . . 3 . 4 . 3 . 2 2 . 5 . . 2 2 4 2 3 . Melee 1 | . . . . . . . . . . . . 1 . 1 . . . . 1 . . 1 . . 1 . . 1 . . . . 1 . . . . . . 1 . 1 1 Uniques/NPCs Destroyed 2 | . . . . . . . . . . . . . . . . . 1 . . . . . 1 . . . . . . . . . . . . . . . . . . . . Data Miner (-7/Data Miner) A7 (-6/Cetus) Combat | -11 -10 -10 -9 -9 -9 -8 -8 -8 -8 -8 -8 -7 -7 -7 -7 -7 -7 -6 -6 -6 -6 -6 -6 -6 -6 -5 -5 -5 -5 -5 -5 -4 -4 -4 -4 -4 -4 -3 -3 -2 -2 -2 -1 -------- Run | Yrd Mat Min Mat Min Exi Min Mat Gar Mat Gar Mat Fac Was Fac Low Low Dat Pro Fac Was Fac Ext Cet Arc Hub Fac Was Fac Upp Upp Zhi Pro Fac Was Fac Arm Lab Res Tes Res Qua Sec Acc Hostile Shots Fired 1891 | . 60 34 139 17 . 62 210 148 92 107 161 14 . 75 6 2 . 1 64 . 16 24 . 2 15 72 . 38 6 2 . 17 51 . 46 17 . 25 11 28 17 182 130 Missed 737 | . 14 8 32 2 . 18 67 31 29 34 43 7 . 40 4 . . 1 35 . 12 10 . 1 8 33 . 18 4 1 . 7 25 . 20 10 . 12 5 22 13 114 57 Damage Taken 18229 | . 577 208 1273 434 . 608 1418 1952 728 893 2063 106 . 516 56 34 . . 780 . 72 174 15 47 130 629 . 388 31 18 . 178 484 . 478 198 . 280 136 119 95 1540 1571 Core 2488 | . 19 40 124 41 . 75 71 129 62 61 145 14 . 163 56 . . . 232 . 20 29 15 22 52 145 . 129 . 18 . 37 93 . 138 31 . 16 . . 25 205 281 Absorbed by Shields 1700 | . . . 220 16 . . 572 426 276 157 . . . . . . . . . . . . 14 . . . . . . . . . . . . . . 19 . . . . . Redirected to Shielding 400 | . . . . . . . . . . . . . . . . . . . . . . 10 . . 19 28 . 18 . . . 16 36 . 17 18 . . . 19 . 135 84 Ignored by Resistances 330 | . . . . . . . 192 . . . . . . . . . . . . . . . . . . . . . . . . . . . . . . . . . . 107 31 Regen/Repaired (Parts) 5009 | . . . 256 . . . 321 . 1055 . 1112 . 11 210 . . . . 108 . . 112 . . . 174 . 181 . . . . 333 . 242 . . 142 63 . 89 229 371 Core Remaining (%) 69 | 100 . 76 . . . 40 . . . . 14 . . . . . . 66 . . . . . . 56 . . . . . . 67 . . . . 97 . 98 . . 69 79 Volleys Fired 1184 | . 73 13 123 20 . 28 194 106 69 66 140 . 2 8 1 . . 1 19 . . 10 . . 3 116 2 20 . 7 . 6 5 . 18 9 . 7 19 12 11 64 12 Largest 2 | . 2 2 2 2 . 2 2 2 2 2 2 . 1 1 1 . . 1 1 . . 1 . . 1 1 1 1 . 1 . 1 1 . 1 1 . 1 1 1 1 1 1 Hottest 120 | . 40 40 65 46 . 56 56 120 120 68 75 . 120 120 120 . . 120 120 . . 120 . . 120 120 35 80 . 80 . 80 80 . 80 105 . 100 100 100 100 100 85 Shots Fired 1940 | . 146 25 246 29 . 54 386 208 123 130 243 . 2 8 1 . . 1 19 . . 10 . . 3 115 2 20 . 7 . 6 5 . 17 10 . 7 19 12 11 63 12 Gun 1548 | . 146 25 246 26 . 51 384 203 114 130 211 . . . . . . . . . . . . . . . . . . . . . . . . . . . . . . 5 7 Cannon 267 | . . . . . . . . 2 4 . . . 2 1 1 . . 1 12 . . 10 . . 3 105 2 11 . . . 1 . . 12 10 . 4 15 9 7 50 5 Launcher 125 | . . . . 3 . 3 2 3 5 . 32 . . 7 . . . . 7 . . . . . . 10 . 9 . 7 . 5 5 . 5 . . 3 4 3 4 8 . Special . | . . . . . . . . . . . . . . . . . . . . . . . . . . . . . . . . . . . . . . . . . . . . Kinetic 1538 | . 146 25 229 26 . 51 384 203 114 130 211 . . . . . . . . . . . . . . . . . . . . . . . . . . . . . . 7 12 Thermal 260 | . . . . . . . . 2 4 . . . 2 1 1 . . 1 12 . . 10 . . 3 105 2 11 . . . 1 . . 12 10 . 4 15 9 7 48 . Explosive 125 | . . . . 3 . 3 2 3 5 . 32 . . 7 . . . . 7 . . . . . . 10 . 9 . 7 . 5 5 . 5 . . 3 4 3 4 8 . Electromagnetic 17 | . . . 17 . . . . . . . . . . . . . . . . . . . . . . . . . . . . . . . . . . . . . . . . Robot Hit Streak 36 | . 11 4 20 5 . 9 22 36 16 18 16 . 4 1 . . . . 3 . . . . . . 12 4 6 . . . . 7 . 2 4 . 5 6 7 9 10 9 Robot Miss Streak 7 | . 4 2 4 2 . 3 7 5 3 5 3 . . 4 . . . . 2 . . . . . . 3 . . . . . . . . 1 . . . . . . 6 6 Penetration Max 8 | . . . . . . . 1 . 1 1 1 . . . . . . . . . . . . . . . . . . . . . . . . . . . . . . 2 8 Secondary Targets 15 | . . 1 4 . . . 3 1 3 2 1 . . . . . . . . . . . . . . . . . . . . . . . . . . . . . . . . Max Gunslinging Chain 1 | . . 1 1 . . . 1 1 1 1 1 . . . . . . . . . . . . . . . . . . . . . . . . . . . . . . . . Shots Hit Robots 1392 | . 95 12 164 17 . 32 231 137 68 66 152 29 2 34 . 1 1 4 19 . 2 14 3 16 9 59 1 26 . 1 . 1 17 . 14 3 . 9 2 19 7 101 24 Core Hits 915 | . 40 4 69 23 . 25 101 43 53 29 139 8 1 24 . 1 1 1 14 . . 7 1 4 9 51 . 44 . 20 . 11 14 . 23 3 . 10 22 23 10 72 15 Critical Kills 39 | . . . . . . . 5 3 12 1 4 . . . . . . . . . . . . . . . . 2 . . . . . . 1 . . . . . . 7 4 Critical Parts Destroyed 26 | . 1 . 1 . . . 1 6 7 . . . . . . . . . . . . . . . . . . . . . . . . . . . . . . . . 1 9 Critical Strikes 98 | . 1 . 1 . . . 6 10 19 2 4 1 . 1 . . . . . . . . . . . 1 . 3 . . . . 1 . 3 . . . . 1 . 19 25 Meltdown 7 | . . . . . . . . . . . . . . . . . . . . . . . . . . . . 2 . . . . . . 1 . . . . . . 4 . Destroy 59 | . 1 . 1 . . . 6 9 19 2 4 . . . . . . . . . . . . . . . . . . . . . . . . . . . . . . 4 13 Blast 14 | . . . . . . . . . . . . . . . . . . . . . . . . . . . . . . . . . . . . . . . . . . 2 12 Sever 17 | . . . . . . . . 1 . . . 1 . 1 . . . . . . . . . . . . . 1 . . . . 1 . 2 . . . . 1 . 9 . Impale 1 | . . . . . . . . . . . . . . . . . . . . . . . . . . 1 . . . . . . . . . . . . . . . . . Melee Attacks 934 | . . . . . . . . 15 . . . 33 2 104 4 1 15 13 57 . 10 22 3 18 26 83 1 87 4 6 . 3 44 . 43 15 3 24 26 42 21 165 44 Impact . | . . . . . . . . . . . . . . . . . . . . . . . . . . . . . . . . . . . . . . . . . . . . Slashing 914 | . . . . . . . . 15 . . . 33 2 104 4 1 15 13 57 . 10 22 3 18 26 63 1 87 4 6 . 3 44 . 43 15 3 24 26 42 21 165 44 Piercing 19 | . . . . . . . . . . . . . . . . . . . . . . . . . . 19 . . . . . . . . . . . . . . . . . Sneak Attacks 75 | . . . . . . . . . . . . 11 . 5 . 1 1 . 5 . 2 6 3 9 1 9 . 6 . . . . 2 . 3 1 . 3 . 4 1 2 . Combat Hostiles 6 | . . . . . . . . . . . . . . . . . . . . . . 2 . . 1 . . 1 . . . . . . . . . . . . . 2 . Follow-up Attacks . | . . . . . . . . . . . . . . . . . . . . . . . . . . . . . . . . . . . . . . . . . . . . Damage Inflicted 68622 | . 1034 104 2420 774 . 1095 4500 3168 2686 1514 7905 1982 74 2655 . 102 116 376 1725 . 246 1436 236 1528 690 5457 31 3912 . 1249 . 761 1698 . 2604 229 . 972 1510 2492 1219 8048 2074 Guns 16437 | . 1019 104 2306 248 . 398 4094 2234 1280 1511 3104 . . . . . . . . . . . . . . . . . . . . . . . . . . . . . . 37 102 Cannons 7718 | . . . . . . . . 77 132 . . . 74 . . . . . . . . 375 . . . 2450 31 66 . . . . . . 63 109 . . 688 453 87 1913 1200 Explosions 21512 | . . . . 494 . 550 384 445 1235 . 4768 . . 740 . . . . 622 . . . . . 156 1677 . 2276 . 1207 . 677 736 . 1752 . . 407 772 890 780 944 . Melee 22550 | . . . . . . . . 412 . . . 1982 . 1915 . 102 116 376 1103 . 246 1061 236 1528 534 1330 . 1570 . 42 . 84 962 . 789 120 . 565 50 1149 352 5154 772 Ramming 405 | . 15 . 114 32 . 147 22 . 39 3 33 . . . . . . . . . . . . . . . . . . . . . . . . . . . . . . . . Kinetic 17634 | . 1019 104 2103 248 . 398 4094 2234 1280 1511 3104 . . . . . . . . . . . . . . . . . . . . . . . . . . . . . . 237 1302 Thermal 6405 | . . . . . . 87 . 77 132 . . . 74 . . . . . . . . 375 . . . 2450 31 66 . . . . . . 63 109 . . 688 453 87 1713 . Explosive 21269 | . . . . 494 . 463 384 445 1235 . 4768 . . 740 . . . . 622 . . . . . . 1677 . 2276 . 1207 . 677 736 . 1752 . . 407 772 890 780 944 . Electromagnetic 359 | . . . 203 . . . . . . . . . . . . . . . . . . . . . 156 . . . . . . . . . . . . . . . . . . Impact . | . . . . . . . . . . . . . . . . . . . . . . . . . . . . . . . . . . . . . . . . . . . . Slashing 22170 | . . . . . . . . 412 . . . 1982 . 1915 . 102 116 376 1103 . 246 1061 236 1528 534 950 . 1570 . 42 . 84 962 . 789 120 . 565 50 1149 352 5154 772 Piercing 380 | . . . . . . . . . . . . . . . . . . . . . . . . . . 380 . . . . . . . . . . . . . . . . . Highest Corruption 5 | . . . 1 3 3 3 . . . . . 1 . 1 . . . . . . . . . . 1 . . 2 . . . . 1 1 3 4 4 . 5 1 2 2 1 Average Corruption 1 | . . . 1 2 3 3 . . . . . 1 . 1 . . . . . . . . . . 1 . . 1 . . . . 1 1 1 3 4 . 5 1 1 2 1 Corruption Purged 5 | . . . . . . . . . . . . 1 . 1 . . . . . . . . . . . . . 2 . . . . . . 1 . . . . . . . . Corruption Blocked . | . . . . . . . . . . . . . . . . . . . . . . . . . . . . . . . . . . . . . . . . . . . . Effects 193 | . . . 22 30 8 34 . . . . . 2 . 2 . . . . . . . . . . 2 . . 9 . . . . 6 6 7 19 3 . 14 3 5 20 1 Message Errors 45 | . . . 6 7 2 3 . . . . . . . 1 . . . . . . . . . . 1 . . 3 . . . . 2 . 3 4 3 . 2 . 1 7 . Matter Fused 41 | . . . 3 5 2 8 . . . . . 1 . . . . . . . . . . . . . . . 2 . . . . 3 1 1 4 . . 2 1 1 6 1 Heat Flow Errors 22 | . . . 3 3 . 6 . . . . . . . . . . . . . . . . . . . . . 2 . . . . . 2 1 3 . . 2 . . . . Energy Discharges 38 | . . . 6 5 2 7 . . . . . 1 . 1 . . . . . . . . . . . . . 1 . . . . . 2 . 4 . . 4 1 2 2 . Parts Rejected 1 | . . . . . . . . . . . . . . . . . . . . . . . . . . . . . . . . . . . . 1 . . . . . . . Parts Fused 1 | . . . . 1 . . . . . . . . . . . . . . . . . . . . . . . . . . . . . . . . . . . . . . . Data Loss (minor) 27 | . . . 3 4 1 6 . . . . . . . . . . . . . . . . . . 1 . . 1 . . . . 1 1 1 2 . . 1 . 1 4 . Data Loss (major) 7 | . . . . 1 . 3 . . . . . . . . . . . . . . . . . . . . . . . . . . . . . . . . 2 . . 1 . Misfires 5 | . . . . 3 . 1 . . . . . . . . . . . . . . . . . . . . . . . . . . . . . 1 . . . . . . . Alerts 5 | . . . 1 1 1 . . . . . . . . . . . . . . . . . . . . . . . . . . . . . . . . . 1 1 . . . Weapon Failures 1 | . . . . . . . . . . . . . . . . . . . . . . . . . . . . . . . . . . . 1 . . . . . . . . Overload Shots 2 | . . . . . . . . . . . . . . . . . . . . . . . . . . . . . . . . . . . . 2 . . . . . . . Overflow Damage 5280 | . . . . 12 . . . 30 30 . 110 536 . 297 . . . 107 354 . 171 263 . 653 118 472 . 351 . 7 . . 226 . 275 . . 106 47 341 95 359 320 Projectiles 609 | . . . . . . . . . . . . . . . . . . . . . . . . . . 72 . 10 . . . . . . . . . . 39 104 . 184 200 Explosions 624 | . . . . 12 . . . 30 30 . 110 . . 9 . . . . 56 . . . . . . 54 . 26 . 7 . . 62 . 110 . . 21 8 42 11 36 . Melee 4047 | . . . . . . . . . . . . 536 . 288 . . . 107 298 . 171 263 . 653 118 346 . 315 . . . . 164 . 165 . . 85 . 195 84 139 120 Knockbacks 12 | . . . 2 . . 1 . . . . . . . . . . . . . . . . . . . . . . . . . . . . . . . . . . . 1 8 Impact 3 | . . . 2 . . 1 . . . . . . . . . . . . . . . . . . . . . . . . . . . . . . . . . . . . . Kinetic 7 | . . . . . . . . . . . . . . . . . . . . . . . . . . . . . . . . . . . . . . . . . . 1 6 Secondary 2 | . . . . . . . . . . . . . . . . . . . . . . . . . . . . . . . . . . . . . . . . . . . 2 Self-Inflicted Damage 711 | . . . . 39 . . 31 6 150 . 233 . . 56 . . . . 124 . . . . . . . . 19 . . . . . . . . . . . . . 53 . Shots 21 | . . . . 1 . . 2 1 4 . 7 . . 1 . . . . 2 . . . . . . . . 1 . . . . . . . . . . . . . 2 . Rammed 41 | . 5 . 10 3 . 9 7 . 2 1 4 . . . . . . . . . . . . . . . . . . . . . . . . . . . . . . . . Targets Rammed 51 | . 5 . 16 3 . 12 7 . 3 1 4 . . . . . . . . . . . . . . . . . . . . . . . . . . . . . . . . Kicked . | . . . . . . . . . . . . . . . . . . . . . . . . . . . . . . . . . . . . . . . . . . . . Crushed 10 | . . . 6 . . 3 . . 1 . . . . . . . . . . . . . . . . . . . . . . . . . . . . . . . . . . Highest Temperature 390 | . 46 20 281 248 . 287 352 301 388 308 171 . 144 72 253 114 163 66 246 . 13 319 78 . 116 390 . 205 . 80 . 30 4 187 242 247 . 146 136 18 88 296 . Average Temperature 74 | . 16 9 52 75 . 79 68 92 105 90 55 . 63 25 118 53 123 37 118 . 9 121 46 . 50 112 . 57 . 34 . 13 4 80 94 85 . 64 48 9 34 58 . Received Heat Transfer 4147 | . 291 . 401 12 . . 555 890 241 362 873 9 . 87 12 18 . . 42 . 9 33 . . 12 27 . 48 . . . . 42 . 18 . . 48 . . . 90 27 Effects 15 | . . . 1 . . 1 . 3 5 3 . . . . . . . . . . . . . . . 2 . . . . . . . . . . . . . . . . . Shutdowns 1 | . . . . . . . . . . . . . . . . . . . . . . . . . . 1 . . . . . . . . . . . . . . . . . Energy Bleed 4 | . . . 1 . . . . . 1 1 . . . . . . . . . . . . . . . 1 . . . . . . . . . . . . . . . . . Interference 9 | . . . . . . 1 . 3 3 2 . . . . . . . . . . . . . . . . . . . . . . . . . . . . . . . . . Damage (minor) 1 | . . . . . . . . . 1 . . . . . . . . . . . . . . . . . . . . . . . . . . . . . . . . . . Siege Activations . | . . . . . . . . . . . . . . . . . . . . . . . . . . . . . . . . . . . . . . . . . . . . Robots Corrupted 1 | . . . 1 . . . . . . . . . . . . . . . . . . . . . . . . . . . . . . . . . . . . . . . . Combat Hostiles 1 | . . . 1 . . . . . . . . . . . . . . . . . . . . . . . . . . . . . . . . . . . . . . . . Parts Fried 5 | . . . 2 . . . . . . . . . . . . . . . . . . . . . . 3 . . . . . . . . . . . . . . . . . Impact Corruptions 2 | . . . . . . . . . . . . . . . . . . . . . . . . . . . . . . . . . . . . . . . . . . . 2 Robots Melted 9 | . . . . . . . . . . . . . . . . . . . . . . 1 . . . 1 . 2 . . . . . . 1 . . . . . . 4 . Combat Hostiles 4 | . . . . . . . . . . . . . . . . . . . . . . 1 . . . . . . . . . . . . 1 . . . . . . 2 . Parts Melted 18 | . . . . . . . . . 1 . . . . . . . . . . . . . . . . 7 . 4 . . . . . . . . . . 1 . . 5 . Heat Transferred 9032 | . . . . . . 100 . 160 301 . . . 160 . . . . . . . . 800 . . . 4800 50 100 . . . . . . 100 130 . . 555 296 74 1406 . Parts Sabotaged . | . . . . . . . . . . . . . . . . . . . . . . . . . . . . . . . . . . . . . . . . . . . . Parts Stolen . | . . . . . . . . . . . . . . . . . . . . . . . . . . . . . . . . . . . . . . . . . . . . Parts Stripped . | . . . . . . . . . . . . . . . . . . . . . . . . . . . . . . . . . . . . . . . . . . . . Power Chain Reactions . | . . . . . . . . . . . . . . . . . . . . . . . . . . . . . . . . . . . . . . . . . . . . Alert | -11 -10 -10 -9 -9 -9 -8 -8 -8 -8 -8 -8 -7 -7 -7 -7 -7 -7 -6 -6 -6 -6 -6 -6 -6 -6 -5 -5 -5 -5 -5 -5 -4 -4 -4 -4 -4 -4 -3 -3 -2 -2 -2 -1 ------- Run | Yrd Mat Min Mat Min Exi Min Mat Gar Mat Gar Mat Fac Was Fac Low Low Dat Pro Fac Was Fac Ext Cet Arc Hub Fac Was Fac Upp Upp Zhi Pro Fac Was Fac Arm Lab Res Tes Res Qua Sec Acc Peak Influence 1688 | . 238 40 330 162 . 235 599 1235 914 1555 1688 930 355 686 . . . . 339 48 463 244 95 301 646 981 294 457 . . . . 466 169 1177 452 . 545 477 445 239 840 923 Initial 764 | . . 24 . 128 . . 22 260 601 455 757 764 289 39 . . . . 81 48 . 86 95 36 105 148 290 65 . . . . 132 53 . 107 . . 231 22 . 21 477 Average 392 | . 92 13 79 39 . 76 279 747 635 954 1334 800 199 321 . . . . 151 28 224 83 86 243 239 405 247 238 . . . . 221 75 376 228 . 245 98 140 115 476 491 Maximum Alert Level 5 | . 1 . 1 . . 1 2 4 3 4 5 3 1 2 . . . . 1 . 2 1 . 1 2 3 1 2 . . . . 2 . 4 2 . 2 2 2 1 3 3 Low Security (%) 46 | 100 84 100 92 100 . 89 36 . . . . . 47 23 . . . . 74 100 55 86 100 17 60 33 22 38 . . . . 59 100 48 44 . 48 80 75 87 4 3 Level 1 18 | . 15 . 7 . . 10 26 19 . . . . 52 43 . . . . 25 . 36 13 . 82 15 32 77 55 . . . . 22 . 21 47 . 30 16 22 12 40 28 Level 2 14 | . . . . . . . 37 19 72 31 . . . 33 . . . . . . 8 . . . 23 4 . 6 . . . . 17 . 4 7 . 21 2 2 . 31 43 Level 3 10 | . . . . . . . . 48 27 31 13 100 . . . . . . . . . . . . . 29 . . . . . . . . 14 . . . . . . 23 23 Level 4 9 | . . . . . . . . 11 . 36 79 . . . . . . . . . . . . . . . . . . . . . . . 10 . . . . . . . . Level 5 . | . . . . . . . . . . . 6 . . . . . . . . . . . . . . . . . . . . . . . . . . . . . . . . High Security . | . . . . . . . . . . . . . . . . . . . . . . . . . . . . . . . . . . . . . . . . . . . . Max Security . | . . . . . . . . . . . . . . . . . . . . . . . . . . . . . . . . . . . . . . . . . . . . Sterilizations 1 | . . . . . . . . . . . 1 . . . . . . . . . . . . . . . . . . . . . . . . . . . . . . . . Squads Dispatched 142 | . 4 . . . . . 6 . 7 . 10 6 . 10 . . . . 3 . 5 1 . . 9 17 . 11 . . . . 7 . 11 5 . 4 1 2 1 11 11 Investigation 57 | . 3 . . . . . 1 . 2 . 1 4 . 8 . . . . 3 . 4 1 . . . 7 . 6 . . . . 4 . 2 3 . 2 1 2 1 . 2 Extermination 19 | . . . . . . . . . . . . 1 . 2 . . . . . . . . . . 1 3 . 1 . . . . 3 . 2 1 . 1 . . . 4 . Reinforcement 37 | . 1 . . . . . 3 . . . 2 1 . . . . . . . . 1 . . . 7 5 . 4 . . . . . . 6 1 . 1 . . . 4 1 Assault 14 | . . . . . . . 2 . 2 . 7 . . . . . . . . . . . . . . 2 . . . . . . . . 1 . . . . . . . . Garrison 5 | . . . . . . . . . 3 . . . . . . . . . . . . . . . 1 . . . . . . . . . . . . . . . . . 1 Intercept 10 | . . . . . . . . . . . . . . . . . . . . . . . . . . . . . . . . . . . . . . . . . . 3 7 Searches Triggered 3 | . . . . . . . . . . . . . . 1 . . . . . . . . . . . 1 . . . . . . . . . . . . . 1 . . . Construction Impeded 5 | . . . . . . . . . . . 2 . . . . . . . . . . . . . 2 . . . . . . . . . 1 . . . . . . . . Haulers Reinforced 9 | . . . . . . . . . . . . 1 . . . . . . . . 1 . . . . 3 . 3 . . . . . . 1 . . . . . . . . Active Scanning Responses . | . . . . . . . . . . . . . . . . . . . . . . . . . . . . . . . . . . . . . . . . . . . . Cargo Convoy Interrupts 1 | . . . . . . . . . . . . . . . . . . . . . . . . . . . . 1 . . . . . . . . . . . . . . . Stealth | -11 -10 -10 -9 -9 -9 -8 -8 -8 -8 -8 -8 -7 -7 -7 -7 -7 -7 -6 -6 -6 -6 -6 -6 -6 -6 -5 -5 -5 -5 -5 -5 -4 -4 -4 -4 -4 -4 -3 -3 -2 -2 -2 -1 --------- Run | Yrd Mat Min Mat Min Exi Min Mat Gar Mat Gar Mat Fac Was Fac Low Low Dat Pro Fac Was Fac Ext Cet Arc Hub Fac Was Fac Upp Upp Zhi Pro Fac Was Fac Arm Lab Res Tes Res Qua Sec Acc Distress Signals 63 | . 3 . 1 1 . 1 1 . 1 . 4 . . 9 . . . . 6 . 1 . 1 . 5 4 . 3 . 1 . . . . 1 3 . 2 1 4 1 6 3 Communications Jammed . | . . . . . . . . . . . . . . . . . . . . . . . . . . . . . . . . . . . . . . . . . . . . Distress Signals . | . . . . . . . . . . . . . . . . . . . . . . . . . . . . . . . . . . . . . . . . . . . . Times Spotted 973 | . 28 3 43 13 . 15 62 23 44 27 77 8 10 62 1 7 2 6 37 . 11 20 5 6 21 68 3 43 1 2 . 10 33 3 39 27 . 25 15 23 10 96 44 Peak Tracking Total 13 | . 4 3 4 7 . 4 5 3 9 6 5 2 6 10 1 4 3 4 7 . 5 3 5 1 6 9 1 9 1 4 . 5 7 2 9 13 . 11 4 8 5 12 11 Tactical Retreats 152 | . 2 . 2 . . 1 6 . 1 1 3 . 2 18 1 2 . 4 13 . . 2 . . . 17 2 8 1 1 . 3 8 1 3 6 . 5 3 2 1 23 10 Traps | -11 -10 -10 -9 -9 -9 -8 -8 -8 -8 -8 -8 -7 -7 -7 -7 -7 -7 -6 -6 -6 -6 -6 -6 -6 -6 -5 -5 -5 -5 -5 -5 -4 -4 -4 -4 -4 -4 -3 -3 -2 -2 -2 -1 ------- Run | Yrd Mat Min Mat Min Exi Min Mat Gar Mat Gar Mat Fac Was Fac Low Low Dat Pro Fac Was Fac Ext Cet Arc Hub Fac Was Fac Upp Upp Zhi Pro Fac Was Fac Arm Lab Res Tes Res Qua Sec Acc Traps Triggered 39 | . 3 . 1 . . . . 5 2 1 1 1 . 4 . . . . 4 . . 2 . . . 4 . 4 . . . . 2 . . 2 . 1 1 . . . 1 Indirectly . | . . . . . . . . . . . . . . . . . . . . . . . . . . . . . . . . . . . . . . . . . . . . Trap Hack Attempts 26 | . . . . . . . . . . . . . . 8 . . . . . . . . . . . 6 . 12 . . . . . . . . . . . . . . . Triggered . | . . . . . . . . . . . . . . . . . . . . . . . . . . . . . . . . . . . . . . . . . . . . Disarmed 26 | . . . . . . . . . . . . . . . . . . . . . . . . . . . . 20 . . . . . . . 4 . 2 . . . . . Reprogrammed 115 | . . . . . . . . . . . . . . 9 . . . . 6 . . . . . 2 24 . 19 . . . . . . 14 10 . 4 4 6 7 10 . Reused 54 | . . . . . . . . . . . . . . 3 . . . . . . . . . . 2 17 . 8 . . . . . . 2 10 . 3 . 5 1 3 . Traps Extracted 19 | . . . . . . . . . . . . . . 2 . . . . 4 . . . . . . 3 . 3 . . . . . . . 7 . . . . . . . Installed 18 | . . . . . . . . . . . . . . . . . . . 4 . . . . . . 2 . 2 . . . . . . . 10 . . . . . . . Triggered 58 | . . . . . . . . . . . . . . 3 . . . . . . . . . . 2 17 . 8 2 . . 2 . . 2 10 . 3 . 5 1 3 . Most Traps Carried 6 | . . . . 3 3 3 3 3 3 3 3 3 3 5 5 5 5 5 5 5 5 5 5 5 5 5 3 6 4 4 4 4 4 4 4 6 . . . . . . . Machines | -11 -10 -10 -9 -9 -9 -8 -8 -8 -8 -8 -8 -7 -7 -7 -7 -7 -7 -6 -6 -6 -6 -6 -6 -6 -6 -5 -5 -5 -5 -5 -5 -4 -4 -4 -4 -4 -4 -3 -3 -2 -2 -2 -1 ---------- Run | Yrd Mat Min Mat Min Exi Min Mat Gar Mat Gar Mat Fac Was Fac Low Low Dat Pro Fac Was Fac Ext Cet Arc Hub Fac Was Fac Upp Upp Zhi Pro Fac Was Fac Arm Lab Res Tes Res Qua Sec Acc Machines Disabled 139 | . . . . . . 1 7 5 2 8 10 1 . 3 . . 1 . 2 . 9 . 1 2 17 1 . . . . . . 5 . 26 8 1 . 10 1 5 13 . Max in Single Turn 6 | . . . . . . 1 1 1 1 2 2 . . 1 . . 1 . 2 . . . . . 5 1 . . . . . . 4 . 6 1 1 . 1 1 1 1 . Garrison Access 34 | . . . . . . . . . . . . 2 . 4 . . . . 4 . 3 . . . 1 3 . 4 . . . . 2 . 2 . . 2 1 1 1 1 3 Garrison Relay 3 | . . . . . . . . 1 . 2 . . . . . . . . . . . . . . . . . . . . . . . . . . . . . . . . . Phase Generator 1 | . . . . . . . . . . 1 . . . . . . . . . . . . . . . . . . . . . . . . . . . . . . . . . Network Hub 4 | . . . . . . . . . . . . . . . . . . . . . . . . . 4 . . . . . . . . . . . . . . . . . . Machines Repaired . | . . . . . . . . . . . . . . . . . . . . . . . . . . . . . . . . . . . . . . . . . . . . Machines Dismantled . | . . . . . . . . . . . . . . . . . . . . . . . . . . . . . . . . . . . . . . . . . . . . Machines Sabotaged . | . . . . . . . . . . . . . . . . . . . . . . . . . . . . . . . . . . . . . . . . . . . . Overloaded Fab Kills . | . . . . . . . . . . . . . . . . . . . . . . . . . . . . . . . . . . . . . . . . . . . . Hacking | -11 -10 -10 -9 -9 -9 -8 -8 -8 -8 -8 -8 -7 -7 -7 -7 -7 -7 -6 -6 -6 -6 -6 -6 -6 -6 -5 -5 -5 -5 -5 -5 -4 -4 -4 -4 -4 -4 -3 -3 -2 -2 -2 -1 --------- Run | Yrd Mat Min Mat Min Exi Min Mat Gar Mat Gar Mat Fac Was Fac Low Low Dat Pro Fac Was Fac Ext Cet Arc Hub Fac Was Fac Upp Upp Zhi Pro Fac Was Fac Arm Lab Res Tes Res Qua Sec Acc Machines Accessed 330 | . 7 . 10 . 2 1 10 2 10 3 9 9 . 29 . . 3 . 23 . 15 16 1 . 9 33 . 27 1 . 4 . 16 . 17 9 . 10 9 9 12 16 8 Terminals 204 | . 6 . 8 . . 1 8 2 6 3 8 4 . 17 . . . . 12 . 7 15 1 . 8 17 . 13 . . . . 8 . 11 6 . 5 7 6 9 13 3 Fabricators 37 | . . . . . . . . . . . . 3 . 5 . . . . 3 . 3 . . . . 5 . 6 . . . . 4 . 2 2 . 1 . 2 . . 1 Repair Stations 32 | . . . 2 . . . 1 . 2 . 1 . . 3 . . . . 3 . 2 1 . . . 4 . 3 . . . . 1 . 2 1 . 2 1 . 1 1 1 Recycling Units 5 | . 1 . . . . . . . . . . . . . . . . . . . . . . . . 2 . 1 . . . . 1 . . . . . . . . . . Scanalyzers 6 | . . . . . . . . . 1 . . . . . . . . . 1 . . . . . . 2 . . . . . . . . . . . . . . 1 1 . Garrison Access 36 | . . . . . . . 1 . 1 . . 2 . 4 . . . . 4 . 3 . . . 1 3 . 4 . . . . 2 . 2 . . 2 1 1 1 1 3 Total Hacks 1404 | . 18 . 36 . 2 4 42 5 50 9 35 17 . 110 . . 22 . 61 . 50 53 1 . 38 150 . 125 1 . 17 . 92 . 103 47 . 49 43 62 54 78 30 Successful 1046 | . 9 . 26 . 2 2 26 2 28 2 18 10 . 74 . . 22 . 55 . 41 37 1 . 25 124 . 101 1 . 17 . 83 . 74 41 . 32 30 43 40 58 22 Failed 356 | . 9 . 9 . . 2 16 3 22 7 17 7 . 36 . . . . 6 . 9 16 . . 13 26 . 24 . . . . 8 . 29 6 . 17 13 19 14 20 8 Catastrophic 49 | . 1 . 1 . . . 3 . 3 1 6 3 . 2 . . . . 1 . 2 2 . . 1 3 . 3 . . . . . . 6 . . 3 1 1 1 5 . Database Lockouts 2 | . . . 1 . . . . . . . . . . . . . . . . . . . . . . . . . . . . . 1 . . . . . . . . . . Manual 699 | . 19 . 24 . 1 4 25 3 18 2 19 8 . 53 . . . . 31 . 27 21 1 . 23 73 . 60 . . . . 55 . 47 30 . 30 18 45 33 20 9 Terminals 950 | . 16 . 28 . . 4 33 5 25 9 26 8 . 62 . . . . 37 . 34 45 1 . 37 96 . 77 . . . . 52 . 78 35 . 36 31 50 46 61 18 Fabricators 148 | . . . . . . . . . . . . 7 . 18 . . . . 10 . 10 . . . . 19 . 24 . . . . 23 . 8 10 . 5 . 11 . . 3 Repair Stations 181 | . . . 8 . . . 8 . 14 . 9 . . 22 . . . . 7 . 2 8 . . . 18 . 16 . . . . 12 . 15 2 . 5 11 . 6 12 6 Recycling Units 11 | . 2 . . . . . . . . . . . . . . . . . . . . . . . . 4 . 2 . . . . 3 . . . . . . . . . . Scanalyzers 27 | . . . . . . . . . 9 . . . . . . . . . 3 . . . . . . 10 . . . . . . . . . . . . . . 1 4 . Garrison Access 45 | . . . . . . . 1 . 2 . . 2 . 8 . . . . 4 . 4 . . . 1 3 . 6 . . . . 2 . 2 . . 3 1 1 1 1 3 Terminal Hacks 444 | . 6 . 8 . 2 2 8 1 4 2 8 . . 11 . . 22 . 16 . 15 19 1 . 18 52 . 39 1 . 17 . 30 . 38 21 . 19 12 21 15 27 9 Record 14 | . . . . . 1 . . . . . . . . . . . 6 . . . . . . . . 1 . . . . 5 . . . . 1 . . . . . . . Part Schematic 32 | . . . . . . . . . . . . . . 1 . . 9 . 2 . . . . . . 8 . 1 . . 4 . 1 . 2 . . 1 . 3 . . . Robot Schematic 5 | . 1 . . . . . . . . . . . . . . . 4 . . . . . . . . . . . . . . . . . . . . . . . . . . Robot Analysis 9 | . . . 1 . . . 1 . . . . . . . . . . . . . . . . . 1 1 . 1 . . 4 . . . . . . . . . . . . Prototype ID Bank 27 | . 5 . 3 . . 2 1 . . . 2 . . . . . 3 . . . . . . . . 1 . . . . 4 . 3 . . . . . 1 2 . . . Open Door 12 | . . . . . . . . . . . . . . . . . . . . . . 5 1 . . . . . 1 . . . . . . . . . . 1 . 3 1 Level Access Points 8 | . . . . . . . . . . . . . . . . . . . . . . . . . 1 . . 1 . . . . 1 . 1 . . 1 . 1 1 . 1 Branch Access Points 8 | . . . . . . . . . . . . . . . . . . . . . 1 1 . . . 1 . . . . . . 1 . 1 . . 1 . 1 . . 1 Emergency Access Points 2 | . . . . . . . . 1 . 1 . . . . . . . . . . . . . . . . . . . . . . . . . . . . . . . . . Machine Index 13 | . . . . . . . . . . . . . . 1 . . . . 1 . 1 . . . . 1 . 1 . . . . 1 . 1 1 . 1 . 1 1 1 1 Terminal Index 3 | . . . . . . . . . . . . . . . . . . . . . 1 . . . . . . . . . . . . . . . . . 1 . 1 . . Fabricator Index 1 | . . . . . . . . . . . . . . . . . . . 1 . . . . . . . . . . . . . . . . . . . . . . . . Alert Level 34 | . . . 1 . . . 1 . 2 . 4 . . . . . . . 1 . 1 3 . . 2 1 . 4 . . . . 1 . 4 1 . . 3 1 . 4 . Unreport Threat 96 | . . . 1 . . . 4 . 2 . 2 . . 5 . . . . 3 . 3 7 . . 9 9 . 6 . . . . 4 . 10 4 . 2 4 5 3 10 3 Locate Traps 34 | . . . . . . . . . . . . . . . . . . . 3 . 3 1 . . 1 5 . 5 . . . . 2 . 5 3 . 2 1 1 2 . . Disarm Traps 7 | . . . . . . . . . . . . . . . . . . . . . . . . . . . . 3 . . . . . . . 1 . 2 . . 1 . . Reprogram Traps 30 | . . . . . . . . . . . . . . 1 . . . . 1 . . . . . 1 5 . 3 . . . . 1 . 4 3 . 1 1 2 3 4 . Dispatch Records 2 | . . . 1 . . . . . . . . . . . . . . . . . . . . . . . . 1 . . . . . . . . . . . . . . . Security Status 1 | . . . . . . . . . . . . . . . . . . . . . . . . . . . . . . . . . 1 . . . . . . . . . . Patrol Status 10 | . . . . . . . . . . . . . . . . . . . 1 . 1 . . . . 1 . 1 . . . . 2 . 1 1 . 1 . 1 . . . Investigation Status 2 | . . . . . . . . . . . . . . . . . . . . . . . . . . . . . . . . . 1 . . . . 1 . . . . . Reinforcement Status 1 | . . . . . . . . . . . . . . . . . . . . . . . . . . 1 . . . . . . . . . . . . . . . . . Intercept Status 2 | . . . . . . . . . . . . . . . . . . . . . . . . . . . . . . . . . 1 . . . . 1 . . . . . Recall Investigation 34 | . . . . . . . . . . . . . . 3 . . . . 2 . 3 1 . . . 6 . 5 . . . . 4 . 2 2 . 2 1 2 . . 1 Recall Extermination 15 | . . . . . . . . . . . . . . . . . . . . . . . . . . 3 . 1 . . . . 3 . 2 1 . 1 . . . 3 1 Recall Reinforcements 12 | . . . . . . . . . . . . . . . . . . . . . . . . . 3 3 . 3 . . . . . . 1 . . 1 . . . 1 . Recall Assault 3 | . . . . . . . . . . . . . . . . . . . . . . . . . . 2 . . . . . . . . 1 . . . . . . . . Hauler Manifests 7 | . . . . . . . 1 . . . . . . . . . . . 1 . 1 . . . . 2 . 1 . . . . . . 1 . . . . . . . . Registered Components 1 | . . . . . . . . . . . . . . . . . . . . . . . . . . . . . . . . . . . 1 . . . . . . . . Registered Prototypes 1 | . . . . . . . . . . . . . . . . . . . . . . . . . . . . 1 . . . . . . . . . . . . . . . Zone Layout 16 | . . . 1 . . . . . . . . . . . . . . . . . . 1 . . . 1 . 1 . . . . 3 . 1 3 . 1 . . 3 1 . Garrison Registry 1 | . . . . . . . . . . 1 . . . . . . . . . . . . . . . . . . . . . . . . . . . . . . . . . Derelict Proto ID Bank 1 | . . . . . 1 . . . . . . . . . . . . . . . . . . . . . . . . . . . . . . . . . . . . . . Fabricator Hacks 79 | . . . . . . . . . . . . 6 . 11 . . . . 6 . 6 . . . . 10 . 12 . . . . 11 . 4 5 . 2 . 4 . . 2 Network Status 3 | . . . . . . . . . . . . . . . . . . . . . . . . . . . . . . . . . 2 . . 1 . . . . . . . Load Schematic 37 | . . . . . . . . . . . . 3 . 5 . . . . 3 . 3 . . . . 5 . 6 . . . . 4 . 2 2 . 1 . 2 . . 1 Build 39 | . . . . . . . . . . . . 3 . 6 . . . . 3 . 3 . . . . 5 . 6 . . . . 5 . 2 2 . 1 . 2 . . 1 Repair Station Hacks 169 | . . . 8 . . . 8 . 12 . 8 . . 19 . . . . 7 . 2 8 . . . 17 . 15 . . . . 12 . 15 2 . 4 9 . 5 12 6 Scan Component 81 | . . . 4 . . . 4 . 6 . 4 . . 10 . . . . 3 . . 4 . . . 6 . 8 . . . . 6 . 7 1 . 2 5 . 2 6 3 Repair 78 | . . . 4 . . . 4 . 6 . 4 . . 9 . . . . 3 . . 4 . . . 6 . 7 . . . . 6 . 7 1 . 2 4 . 2 6 3 Refit 10 | . . . . . . . . . . . . . . . . . . . 1 . 2 . . . . 5 . . . . . . . . 1 . . . . . 1 . . Recycling Unit Hacks 3 | . . . . . . . . . . . . . . . . . . . . . . . . . . 2 . 1 . . . . . . . . . . . . . . . Retrieve Components 3 | . . . . . . . . . . . . . . . . . . . . . . . . . . 2 . 1 . . . . . . . . . . . . . . . Scanalyzer 25 | . . . . . . . . . 8 . . . . . . . . . 3 . . . . . . 9 . . . . . . . . . . . . . . 1 4 . Insert Component 14 | . . . . . . . . . 3 . . . . . . . . . 3 . . . . . . 3 . . . . . . . . . . . . . . 1 4 . Analyze 11 | . . . . . . . . . 5 . . . . . . . . . . . . . . . . 6 . . . . . . . . . . . . . . . . . Garrison Access Hacks 36 | . . . . . . . 1 . 1 . . 2 . 4 . . . . 4 . 3 . . . 1 3 . 4 . . . . 2 . 2 . . 2 1 1 1 1 3 Unlock Access 2 | . . . . . . . 1 . 1 . . . . . . . . . . . . . . . . . . . . . . . . . . . . . . . . . . Seal Access 34 | . . . . . . . . . . . . 2 . 4 . . . . 4 . 3 . . . 1 3 . 4 . . . . 2 . 2 . . 2 1 1 1 1 3 Unauthorized Hacks 290 | . 3 . 10 . . . 9 1 3 . 2 2 . 29 . . . . 19 . 15 10 . . 6 31 . 30 . . . . 28 . 15 13 . 5 8 17 18 14 2 Terminals 228 | . 2 . 10 . . . 9 1 3 . 2 2 . 28 . . . . 15 . 13 10 . . 6 20 . 17 . . . . 15 . 11 9 . 3 8 11 18 14 1 Track 65 | . . . . . . . . . . . . . . 5 . . . . 3 . 4 2 . . 3 6 . 6 . . . . 5 . 3 5 . 2 2 4 9 6 . Assimilate 42 | . 1 . 2 . . . 2 . . . 1 1 . 7 . . . . 3 . 2 1 . . 2 4 . 2 . . . . 3 . 1 2 . 1 1 1 1 4 . Botnet 35 | . . . 2 . . . 2 . 2 . 1 1 . 2 . . . . 2 . 2 1 . . 1 4 . 2 . . . . 1 . 2 1 . . 1 2 2 3 1 Disrupt 8 | . . . . . . . . . . . . . . 2 . . . . 1 . 1 . . . . . . 1 . . . . 1 . 1 1 . . . . . . . Operators 13 | . . . 1 . . . . . 1 . . . . 1 . . . . 1 . 1 1 . . . 1 . 1 . . . . 1 . 1 . . . . 1 1 1 . Skim 64 | . 1 . 5 . . . 5 . . . . . . 11 . . . . 5 . 3 5 . . . 5 . 5 . . . . 4 . 3 . . . 4 3 5 . . Override 1 | . . . . . . . . 1 . . . . . . . . . . . . . . . . . . . . . . . . . . . . . . . . . . . Fabricators 54 | . . . . . . . . . . . . . . 1 . . . . 4 . 2 . . . . 9 . 12 . . . . 10 . 4 4 . 1 . 6 . . 1 Report 4 | . . . . . . . . . . . . . . . . . . . . . . . . . . 1 . 1 . . . . 1 . . . . . . 1 . . . Prioritize 24 | . . . . . . . . . . . . . . 1 . . . . 2 . 1 . . . . 3 . 5 . . . . 4 . 2 2 . 1 . 2 . . 1 Liberate 17 | . . . . . . . . . . . . . . . . . . . 1 . . . . . . 3 . 4 . . . . 4 . 2 1 . . . 2 . . . Haulers 9 | . . . . . . . . . . . . . . . . . . . 1 . 1 . . . . 2 . 2 . . . . 1 . . 1 . . . 1 . . . Repair Stations . | . . . . . . . . . . . . . . . . . . . . . . . . . . . . . . . . . . . . . . . . . . . . Recycling Units 7 | . 1 . . . . . . . . . . . . . . . . . . . . . . . . 2 . 1 . . . . 3 . . . . . . . . . . Monitor 1 | . . . . . . . . . . . . . . . . . . . . . . . . . . . . . . . . . 1 . . . . . . . . . . Reject 2 | . . . . . . . . . . . . . . . . . . . . . . . . . . 1 . . . . . . 1 . . . . . . . . . . Recyclers 2 | . . . . . . . . . . . . . . . . . . . . . . . . . . 1 . . . . . . 1 . . . . . . . . . . Mask 1 | . . . . . . . . . . . . . . . . . . . . . . . . . . . . 1 . . . . . . . . . . . . . . . Tunnel 1 | . 1 . . . . . . . . . . . . . . . . . . . . . . . . . . . . . . . . . . . . . . . . . . Scanalyzers . | . . . . . . . . . . . . . . . . . . . . . . . . . . . . . . . . . . . . . . . . . . . . Garrison Access 1 | . . . . . . . . . . . . . . . . . . . . . . . . . . . . . . . . . . . . . . 1 . . . . . Broadcast 1 | . . . . . . . . . . . . . . . . . . . . . . . . . . . . . . . . . . . . . . 1 . . . . . Data Cores Recovered . | . . . . . . . . . . . . . . . . . . . . . . . . . . . . . . . . . . . . . . . . . . . . Used . | . . . . . . . . . . . . . . . . . . . . . . . . . . . . . . . . . . . . . . . . . . . . Hacking Detections 206 | . 6 . 8 . . 1 8 2 10 2 9 7 . 25 . . . . 19 . 6 8 . . 6 15 . 17 . . . . 12 . 9 4 . 5 5 4 8 7 3 Full Trace Events 52 | . . . . . . . 2 . 4 1 . 4 . 7 . . . . 3 . 4 1 . . . 6 . 6 . . . . 4 . 2 2 . 2 1 2 . . 1 Feedback Events . | . . . . . . . . . . . . . . . . . . . . . . . . . . . . . . . . . . . . . . . . . . . . Feedback Blocked 1 | . . . . . . . . . . . . . . . . . . . . . . 1 . . . . . . . . . . . . . . . . . . . . . Robot Schematics Acquired 6 | . 1 . . . . . . . . . . . . . . . 4 . . . . . . . . . . . . . . . . . . . . . . . . 1 . Robots Built 4 | . . . . . . . . . . . . . . 4 . . . . . . . . . . . . . . . . . . . . . . . . . . . . . Authchips . | . . . . . . . . . . . . . . . . . . . . . . . . . . . . . . . . . . . . . . . . . . . . Time 67 | . . . . . . . . . . . . . . 67 . . . . . . . . . . . . . . . . . . . . . . . . . . . . . Total Robot Build Rating 16 | . . . . . . . . . . . . . . 16 . . . . . . . . . . . . . . . . . . . . . . . . . . . . . Part Schematics Acquired 47 | . . . . . . . . . 3 . . . . 1 . . 9 . 2 . . . . . . 10 . 1 . . 4 . 1 . 2 . . 1 . 3 . 10 . Parts Built 39 | . . . . . . . . . . . . 2 . 5 . . . . 4 . 3 . . . . 5 . 6 . . . . 6 . 2 2 . 1 . 2 . . 1 Authchips . | . . . . . . . . . . . . . . . . . . . . . . . . . . . . . . . . . . . . . . . . . . . . Time 2537 | . . . . . . . . . . . . 212 . 368 . . . . 167 . 210 . . . . 462 . 401 . . . . 271 . 204 70 . 37 . 110 . . 25 Total Part Build Rating 237 | . . . . . . . . . . . . 12 . 20 . . . . 23 . 13 . . . . 31 . 34 . . . . 44 . 16 12 . 9 . 18 . . 5 Parts Repaired 77 | . . . 4 . . . 4 . 6 . 4 . . 9 . . . . 3 . . 4 . . . 6 . 7 . . . . 6 . 7 . . 2 4 . 2 6 3 Time 3610 | . . . 147 . . . 174 . 290 . 218 . . 466 . . . . 149 . . 280 . . . 179 . 434 . . . . 266 . 328 89 . 65 113 . 65 260 87 Parts Recycled . | . . . . . . . . . . . . . . . . . . . . . . . . . . . . . . . . . . . . . . . . . . . . Recycled Matter . | . . . . . . . . . . . . . . . . . . . . . . . . . . . . . . . . . . . . . . . . . . . . Retrieved Matter . | . . . . . . . . . . . . . . . . . . . . . . . . . . . . . . . . . . . . . . . . . . . . Retrieved Components 14 | . . . . . . . . . . . . . . . . . . . . . . . . . . 13 . 1 . . . . . . . . . . . . . . . Parts Scanalyzed 6 | . . . . . . . . . 3 . . . . . . . . . . . . . . . . 3 . . . . . . . . . . . . . . . . . Part Schematics Acquired 6 | . . . . . . . . . 3 . . . . . . . . . . . . . . . . 3 . . . . . . . . . . . . . . . . . Parts Damaged . | . . . . . . . . . . . . . . . . . . . . . . . . . . . . . . . . . . . . . . . . . . . . Bothacking | -11 -10 -10 -9 -9 -9 -8 -8 -8 -8 -8 -8 -7 -7 -7 -7 -7 -7 -6 -6 -6 -6 -6 -6 -6 -6 -5 -5 -5 -5 -5 -5 -4 -4 -4 -4 -4 -4 -3 -3 -2 -2 -2 -1 ------------ Run | Yrd Mat Min Mat Min Exi Min Mat Gar Mat Gar Mat Fac Was Fac Low Low Dat Pro Fac Was Fac Ext Cet Arc Hub Fac Was Fac Upp Upp Zhi Pro Fac Was Fac Arm Lab Res Tes Res Qua Sec Acc Used RIF Installer . | . . . . . . . . . . . . . . . . . . . . . . . . . . . . . . . . . . . . . . . . . . . . Robots Hacked . | . . . . . . . . . . . . . . . . . . . . . . . . . . . . . . . . . . . . . . . . . . . . Non-combat . | . . . . . . . . . . . . . . . . . . . . . . . . . . . . . . . . . . . . . . . . . . . . Combat . | . . . . . . . . . . . . . . . . . . . . . . . . . . . . . . . . . . . . . . . . . . . . Robot Hacks Applied . | . . . . . . . . . . . . . . . . . . . . . . . . . . . . . . . . . . . . . . . . . . . . Relay Couplers Released 13 | . . . . . . . . 3 . 6 . . . 1 . . . . . . 3 . . . . . . . . . . . . . . . . . . . . . . Machine Destruction 13 | . . . . . . . . 3 . 6 . . . 1 . . . . . . 3 . . . . . . . . . . . . . . . . . . . . . . Fabnet Peak Effective % . | . . . . . . . . . . . . . . . . . . . . . . . . . . . . . . . . . . . . . . . . . . . . Robots Rewired 8 | . . . . . . . . . . . . 2 . . . . . . . . . 3 . . . . . . . . . . . . . 3 . . . . . . . Allies Hacked 1 | . . . . . . . . . . . . . . . . . . . . . . . . . . . . . . . . . . . 1 . . . . . . . . Hacks Repelled . | . . . . . . . . . . . . . . . . . . . . . . . . . . . . . . . . . . . . . . . . . . . . Allies | -11 -10 -10 -9 -9 -9 -8 -8 -8 -8 -8 -8 -7 -7 -7 -7 -7 -7 -6 -6 -6 -6 -6 -6 -6 -6 -5 -5 -5 -5 -5 -5 -4 -4 -4 -4 -4 -4 -3 -3 -2 -2 -2 -1 -------- Run | Yrd Mat Min Mat Min Exi Min Mat Gar Mat Gar Mat Fac Was Fac Low Low Dat Pro Fac Was Fac Ext Cet Arc Hub Fac Was Fac Upp Upp Zhi Pro Fac Was Fac Arm Lab Res Tes Res Qua Sec Acc Total Allies 129 | . . . 2 . . . 1 . . . 1 3 18 15 . . . . 2 20 2 10 5 . 2 4 . 3 . . . . 3 19 7 5 . 1 1 1 1 3 . Largest Group 20 | . . . 2 2 1 1 2 1 1 . 1 3 18 7 . . . . 1 20 20 17 17 12 9 1 . 3 . . . . 2 19 18 3 . 1 1 1 . 1 . Highest-Rated Group 848 | . . . 20 20 10 10 20 10 10 . 10 92 434 169 . . . . 26 730 730 662 848 703 615 26 . 92 . . . . 71 684 656 141 . 26 45 26 . 45 . Highest-Rated Ally 159 | . . . 10 10 10 10 10 10 10 . 10 34 35 31 . . . . 26 50 50 159 159 96 96 26 . 41 . . . . 45 50 50 47 . 26 45 26 . 45 . Total Orders 41 | . . . . 2 . 2 13 6 1 . . . . 2 . . . . . . . 4 2 . 6 . . . . . . . 2 . . 1 . . . . . . . STAY 25 | . . . . 1 . 1 9 3 1 . . . . 1 . . . . . . . 2 1 . 5 . . . . . . . 1 . . . . . . . . . . ROAM 1 | . . . . . . . . . . . . . . . . . . . . . . . . . . . . . . . . . . . . 1 . . . . . . . FOLLOW 15 | . . . . 1 . 1 4 3 . . . . . 1 . . . . . . . 2 1 . 1 . . . . . . . 1 . . . . . . . . . . Ally Attacks 990 | . . . . . . . . 22 5 22 . 9 140 90 . . . . . . 127 82 39 27 81 . . 17 . . . . . 150 173 6 . . . . . . . Total Damage 30592 | . . . . . . . . 965 301 1061 . 240 3125 1170 . . . . . . 4746 2129 948 770 3726 . . 560 . . . . . 5227 5462 162 . . . . . . . Kills 161 | . . . . . . . . 7 3 9 . 2 6 15 . . . . . . 29 14 6 4 24 . . 6 . . . . . 7 28 1 . . . . . . . Allies Corrupted 7 | . . . . . . . . . . . . . . 1 . . . . . . . . 1 . 2 . . . . . . . 1 . 1 . . . . . 1 . . Allies Melted . | . . . . . . . . . . . . . . . . . . . . . . . . . . . . . . . . . . . . . . . . . . . . Turrets Deployed 3 | . . . . . . . . 1 1 1 . . . . . . . . . . . . . . . . . . . . . . . . . . . . . . . . . Intel | -11 -10 -10 -9 -9 -9 -8 -8 -8 -8 -8 -8 -7 -7 -7 -7 -7 -7 -6 -6 -6 -6 -6 -6 -6 -6 -5 -5 -5 -5 -5 -5 -4 -4 -4 -4 -4 -4 -3 -3 -2 -2 -2 -1 ------- Run | Yrd Mat Min Mat Min Exi Min Mat Gar Mat Gar Mat Fac Was Fac Low Low Dat Pro Fac Was Fac Ext Cet Arc Hub Fac Was Fac Upp Upp Zhi Pro Fac Was Fac Arm Lab Res Tes Res Qua Sec Acc Robot Analysis Total 9 | . . . 1 . . . 1 . . . . . . . . . . . . . . . . . 1 1 . 1 . . 4 . . . . . . . . . . . . Derelict Logs Recovered 11 | . . 2 . 1 . . . . . . . . . . 1 1 . 2 . . . . . . . . . . 2 1 . 1 . . . . . . . . . . . Drone Launches . | . . . . . . . . . . . . . . . . . . . . . . . . . . . . . . . . . . . . . . . . . . . . Drone Recoveries . | . . . . . . . . . . . . . . . . . . . . . . . . . . . . . . . . . . . . . . . . . . . . Exploration | -11 -10 -10 -9 -9 -9 -8 -8 -8 -8 -8 -8 -7 -7 -7 -7 -7 -7 -6 -6 -6 -6 -6 -6 -6 -6 -5 -5 -5 -5 -5 -5 -4 -4 -4 -4 -4 -4 -3 -3 -2 -2 -2 -1 ------------- Run | Yrd Mat Min Mat Min Exi Min Mat Gar Mat Gar Mat Fac Was Fac Low Low Dat Pro Fac Was Fac Ext Cet Arc Hub Fac Was Fac Upp Upp Zhi Pro Fac Was Fac Arm Lab Res Tes Res Qua Sec Acc Turns Passed 52284 | 81 2145 1105 4609 1840 609 1660 5636 2030 2945 1250 4877 799 281 2197 216 66 120 253 1365 682 564 1348 368 182 532 2728 516 1762 375 345 72 714 1186 550 1412 804 140 484 694 408 426 1414 494 Spaces Moved 50880 | 47 801 445 1667 678 248 643 1827 706 979 437 1114 1419 431 4037 594 256 160 718 2829 267 967 1173 312 207 999 5201 460 3548 900 760 130 569 2171 249 2668 1369 212 1081 1474 979 1167 2644 1337 Core 14 | 3 . . . . . . . . . . . . . . . . . . . . . 1 . . . . . . . . . . . . . 10 . . . . . . . Treads 9589 | 44 801 445 1667 678 248 643 1827 706 979 437 1114 . . . . . . . . . . . . . . . . . . . . . . . . . . . . . . . . Legs . | . . . . . . . . . . . . . . . . . . . . . . . . . . . . . . . . . . . . . . . . . . . . Wheels . | . . . . . . . . . . . . . . . . . . . . . . . . . . . . . . . . . . . . . . . . . . . . Hover . | . . . . . . . . . . . . . . . . . . . . . . . . . . . . . . . . . . . . . . . . . . . . Flight 41277 | . . . . . . . . . . . . 1419 431 4037 594 256 160 718 2829 267 967 1172 312 207 999 5201 460 3548 900 760 130 569 2171 249 2668 1359 212 1081 1474 979 1167 2644 1337 Fastest Speed 5 | 50 160 240 160 240 240 240 230 230 238 238 238 26 26 26 14 14 14 26 14 29 14 14 14 26 26 11 23 23 23 20 23 14 20 23 5 11 23 5 14 6 5 5 7 Average Speed 65 | 152 231 240 237 240 240 240 234 235 238 238 238 26 26 26 25 24 24 26 27 74 28 27 25 26 26 24 23 26 23 22 51 82 23 23 22 23 25 22 23 19 20 20 18 Slowest Speed 350 | 160 240 240 240 240 240 240 317 313 238 238 238 26 26 26 91 26 26 26 94 94 94 350 26 26 26 245 23 93 23 23 93 93 93 23 23 100 93 93 93 20 93 105 135 Overloaded Moves 666 | . . . . . . . . . . . . . . . 29 26 24 . 14 . 4 31 9 . . 34 . . . 3 . 76 32 . 28 30 . 37 9 2 40 192 46 Propulsion Burnouts 1 | . . . . . . . . . . . . . . . . . . . 1 . . . . . . . . . . . . . . . . . . . . . . . . Robots Hopped 314 | . . . . . . . . 2 . . . 4 2 28 4 . . . 38 . 7 3 2 . 12 56 . 6 . . . 2 16 . 28 5 . 9 7 7 4 36 36 Cave-ins Triggered . | . . . . . . . . . . . . . . . . . . . . . . . . . . . . . . . . . . . . . . . . . . . . Teleports 3 | . . . . . . . . . . . . . . . . . . . . . . . . . . . . . . . . . . . . 1 . . . . 1 1 . Exploration Rate (%) 70 | 4 97 97 93 99 62 97 97 84 78 66 80 26 92 86 75 49 80 85 65 90 28 92 64 85 81 86 90 62 84 79 60 69 34 90 51 47 75 32 85 25 87 73 27 Regions Visited 43 Branch Regions 21 Pre-discovered Areas 24 | . 1 1 4 1 1 . 1 . . . . . . 1 1 1 1 . 4 . . 2 . . . 1 . . . . 3 . . . . . . . . . 1 . . Known Exits Taken 28 | . . . 1 . . 1 1 . 1 . 1 . . 1 1 1 1 1 . . 1 1 1 1 1 . . 1 1 1 1 1 . . 1 1 1 1 1 1 1 1 . Unknown Exits Taken 5 | 1 1 1 . 1 1 . . . . . . . . . . . . . . . . . . . . . . . . . . . . . . . . . . . . . . Scrap Searched 22 | . . 1 . 3 . 1 . . . . . . . . 3 2 . 4 . . . . . . . . . . 2 2 . 4 . . . . . . . . . . . Spaces Dug 450 | . . . . 13 . . . 1 3 . 14 3 2 61 5 . 1 10 38 . 8 4 . . 13 74 2 51 4 2 . 3 14 . 30 11 . 12 13 10 9 20 19 Terrain Destroyed 1942 | . . . . 36 . 25 15 8 69 82 395 3 2 113 5 . 1 10 100 . 8 4 . . 171 144 2 105 4 78 . 68 38 . 76 13 . 26 45 31 31 111 123 Melee 365 | . . . . . . . . 1 . . . 3 2 61 4 . 1 9 32 . 8 4 . . 13 53 1 43 4 2 . 2 14 . 23 6 . 10 13 10 8 19 19 Projectile 279 | . . . . . . 2 4 . 31 7 93 . . 1 1 . . 1 12 . . . . . 1 32 1 9 . . . 1 . . 10 7 . 4 . . 3 18 41 AOE 1202 | . . . . 36 . 23 11 7 37 75 302 . . 51 . . . . 56 . . . . . 157 59 . 53 . 76 . 65 24 . 43 . . 12 32 21 20 42 . Terrain Rammed . | . . . . . . . . . . . . . . . . . . . . . . . . . . . . . . . . . . . . . . . . . . . . Walls Destroyed . | . . . . . . . . . . . . . . . . . . . . . . . . . . . . . . . . . . . . . . . . . . . . Machines Disabled . | . . . . . . . . . . . . . . . . . . . . . . . . . . . . . . . . . . . . . . . . . . . . Actions | -11 -10 -10 -9 -9 -9 -8 -8 -8 -8 -8 -8 -7 -7 -7 -7 -7 -7 -6 -6 -6 -6 -6 -6 -6 -6 -5 -5 -5 -5 -5 -5 -4 -4 -4 -4 -4 -4 -3 -3 -2 -2 -2 -1 --------- Run | Yrd Mat Min Mat Min Exi Min Mat Gar Mat Gar Mat Fac Was Fac Low Low Dat Pro Fac Was Fac Ext Cet Arc Hub Fac Was Fac Upp Upp Zhi Pro Fac Was Fac Arm Lab Res Tes Res Qua Sec Acc Total 66789 | 53 954 462 2108 865 264 695 2919 915 1463 519 3077 1813 592 5038 646 256 227 768 3295 753 1240 2168 594 320 1230 6348 865 4212 1061 910 134 797 2760 741 3354 1814 293 1265 1752 1105 1309 3335 1500 Wait 12867 | . 59 . 226 153 4 3 804 37 385 4 1770 316 155 856 50 . 45 25 386 481 257 912 282 84 211 890 403 446 158 128 . 218 529 489 628 369 59 131 219 71 88 433 103 Move 50240 | 46 800 444 1666 677 247 642 1827 701 979 436 1113 1412 427 3984 586 255 159 717 2756 266 952 1166 308 206 975 5092 459 3535 899 759 129 564 2139 248 2613 1359 211 1062 1459 964 1158 2573 1270 Hop 288 | . . . . . . . . 2 . . . 3 1 24 3 . . . 35 . 7 3 1 . 11 53 . 6 . . . 2 16 . 26 4 . 9 7 7 4 34 30 Pick Up 191 | 1 15 1 23 3 5 1 20 7 5 3 10 8 1 5 . . 4 . 1 . 2 1 . 5 . 10 . 9 . . 1 . 3 2 4 5 4 6 . 2 11 8 5 Fast Attach 175 | 6 1 . 7 . . . 9 4 6 . 7 6 . 10 . . . 5 13 . 2 4 . 1 . 15 . 12 . 3 2 . 7 . 5 1 5 1 8 . 2 20 13 Attach 115 | . . 4 4 2 2 3 8 2 . 1 4 5 1 4 . . . . 6 1 2 3 . . 2 8 . 9 . 1 1 . 5 . 2 3 1 9 1 2 3 9 7 Detach 75 | . . . 3 . 2 1 5 . . . . 2 . 2 . . . . 3 3 5 4 . 1 2 8 . 11 . 1 . . 2 . 3 1 4 4 2 . 1 3 2 Swap 266 | . 1 . 15 5 2 4 16 19 10 2 23 8 2 21 2 . . 2 12 . 1 2 . . . 24 . 17 . 2 . 4 10 . 9 10 1 3 9 5 4 14 7 Drop 213 | . . . 25 2 2 1 29 12 6 4 6 12 1 12 . . 4 5 3 2 2 1 . 5 . 23 . 10 . 3 1 . . 2 3 5 5 4 2 . 6 8 7 Fire 1184 | . 73 13 123 20 . 28 194 106 69 66 140 . 2 8 1 . . 1 19 . . 10 . . 3 116 2 20 . 7 . 6 5 . 18 9 . 7 19 12 11 64 12 Melee 934 | . . . . . . . . 15 . . . 33 2 104 4 1 15 13 57 . 10 22 3 18 26 83 1 87 4 6 . 3 44 . 43 15 3 24 26 42 21 165 44 Ram . | . . . . . . . . . . . . . . . . . . . . . . . . . . . . . . . . . . . . . . . . . . . . Kick . | . . . . . . . . . . . . . . . . . . . . . . . . . . . . . . . . . . . . . . . . . . . . Crush 51 | . 5 . 16 3 . 12 7 . 3 1 4 . . . . . . . . . . . . . . . . . . . . . . . . . . . . . . . . Escape Stasis 128 | . . . . . . . . 10 . 2 . . . . . . . . . . . 36 . . . 18 . 36 . . . . . . . 18 . 5 . . . 3 . Rewire 18 | . . . . . . . . . . . . 8 . . . . . . . . . 4 . . . . . . . . . . . . . 5 . . . . . 1 . Trap 44 | . . . . . . . . . . . . . . 8 . . . . 4 . . . . . . 8 . 14 . . . . . . . 10 . . . . . . . Miscellaneous . | . . . . . . . . . . . . . . . . . . . . . . . . . . . . . . . . . . . . . . . . . . . . Route ------- -11/Scrapyard -10/Materials (discovered 4 exits: *Mat x3 / [*Min]) -10/Mines (discovered 2 exits: *Mat x2) -9/Materials (discovered 5 exits: *Mat x3 / *Min x2) -9/Mines (discovered 3 exits: *Mat x2 / *Exi) -9/Exiles -8/Mines (discovered 2 exits: *Mat x2) -8/Materials (discovered 6 exits: *Fac x3 / [*Sto x2] / Gar) -8/Garrison (discovered 3 exits: *Mat x3) -8/Materials (discovered 5 exits: *Fac x3 / [*Sto] / Gar) -8/Garrison (discovered 3 exits: *Mat x3) -8/Materials -7/Factory -7/Waste -7/Factory (discovered 6 exits: *Fac x4 / *Low x2) -7/Lower Caves -7/Lower Caves (discovered 2 exits: Fac / *Dat) -7/Data Miner -6/Proximity Caves -6/Factory (discovered 6 exits: *Fac x3 / *Low / *Ext x2) -6/Waste -6/Factory (discovered 4 exits: *Low x2 / *Ext x2) -6/Extension (discovered 3 exits: *Fac x2 / *Cet) -6/Cetus -6/Archives (discovered 3 exits: *Fac / *Hub x2) -6/Hub_04(d) (discovered 4 exits: *Fac x4) -5/Factory (discovered 6 exits: *Fac x4 / *Upp x2) -5/Waste -5/Factory (discovered 6 exits: Fac x4 / *Upp x2) -5/Upper Caves -5/Upper Caves -5/Zhirov -4/Proximity Caves -4/Factory (discovered 7 exits: Res x4 / Upp x2 / Arm) -4/Waste -4/Factory (discovered 7 exits: *Res x4 / *Upp x2 / *Arm) -4/Armory (discovered 2 exits: Res / *Lab) -4/Lab -3/Research (discovered 5 exits: *Res x3 / *Tes x2) -3/Testing -2/Research (discovered 5 exits: Acc x3 / *Qua x2) -2/Quarantine (discovered 2 exits: *Acc / *Sec) -2/Section 7 -1/Access (discovered 2 exits: *Sur / Com) To Epsilon Eridani History --------- Turn | Location | Event 11 | -11/Scrapyard | Discovered new exit (range 14) 82 | -11/Scrapyard | Entered Materials 303 | -10/Materials | Build established: Mutant 716 | -10/Materials | Discovered new exit (range 10) 1469 | -10/Materials | Discovered new exit (range 6) 2076 | -10/Materials | Discovered new exit (range 4) 2088 | -10/Materials | Discovered new exit (range 16) 2227 | -10/Materials | Entered Mines 2299 | -10/Mines | Discovered new exit (range 15) 2664 | -10/Mines | Learned location of Zion (-6) 2942 | -10/Mines | Lost 4 parts (1p2n1w) 2965 | -10/Mines | Discovered new exit (range 3) 3332 | -10/Mines | Entered Materials 3332 | -9/Materials | Evolved 2 slots: Propulsion x1, Utility x1 3333 | -9/Materials | Identified exit to Mines 4039 | -9/Materials | Discovered new exit (range 11) 4428 | -9/Materials | Central database locked down 5193 | -9/Materials | Discovered new exit (range 3) 5744 | -9/Materials | Repaired Autogun 5778 | -9/Materials | Repaired Autogun 5787 | -9/Materials | Learned location of Mines (-9) 5819 | -9/Materials | Learned Recycling recycling unit intel 5840 | -9/Materials | Learned Storage terminal intel 5850 | -9/Materials | Identified exit to Materials 7065 | -9/Materials | Repaired Hvy. Ion Engine 7098 | -9/Materials | Repaired Hrd. Light Armor Plating 7941 | -9/Materials | Entered Mines 7941 | -9/Mines | Accompanied by 2 allies 7962 | -9/Mines | Assembled infested the area 8025 | -9/Mines | Destroyed 8 combat bots 8579 | -9/Mines | Discovered exit to Materials (range 9) 8809 | -9/Mines | A weapon hastily lodged in a ceiling crevice suddenly fell to the ground 8841 | -9/Mines | Discovered exit to Materials (range 5) 8868 | -9/Mines | Deemed a non-threat by the Exiles lab entrance 8868 | -9/Mines | Discovered new exit (range 5) 8995 | -9/Mines | Found a hidden stash of uninstalled traps 9156 | -9/Mines | Joined a pair of Derelicts in attacking an 0b10 outpost 9781 | -9/Mines | Entered Exiles 9781 | -9/Exiles | Accompanied by 1 ally 9842 | -9/Exiles | Met 8R-AWN 9878 | -9/Exiles | Met EX-HEX 9958 | -9/Exiles | Met EX-BIN 10006 | -9/Exiles | Aligned with FarCom system 10008 | -9/Exiles | Given EX-Vault access code 10063 | -9/Exiles | Opened EX-Vault 10105 | -9/Exiles | Found Deploy-a-Sentry 10108 | -9/Exiles | Found Deploy-a-Sentry 10122 | -9/Exiles | Found Gui. Plasma Cannon 10133 | -9/Exiles | Found Longsword +1 10144 | -9/Exiles | Found Deploy-a-Sentry 10188 | -9/Exiles | Warned to stay clear of 0b10 Research branches 10260 | -9/Exiles | Met EX-DEC 10358 | -9/Exiles | Discovered new exit (range 11) 10390 | -9/Exiles | Stole three prototypes: Gui. Plasma Cannon, Longsword +1, Deploy-a-Sentry 10390 | -9/Exiles | Entered Mines 10390 | -8/Mines | Accompanied by 1 ally 10426 | -8/Mines | Core integrity fell below 50% 10790 | -8/Mines | Discovered exit to Materials (range 6) 11249 | -8/Mines | Discovered exit to Materials (range 5) 11431 | -8/Mines | Destroyed 8 combat bots 12050 | -8/Mines | Entered Materials 12050 | -8/Materials | Accompanied by 1 ally 12050 | -8/Materials | Evolved 2 slots: Utility x2 12411 | -8/Materials | Discovered new exit (range 6) 12509 | -8/Materials | Discovered new exit (range 10) 13463 | -8/Materials | Discovered new exit (range 8) 14300 | -8/Materials | Discovered new exit (range 14) 14482 | -8/Materials | Lost 3 parts (3u) 15250 | -8/Materials | First assault squad dispatched 16334 | -8/Materials | Discovered new exit (range 10) 16514 | -8/Materials | Learned Factory emergency access door positions 16620 | -8/Materials | Learned location of 1 exit from Lower Caves 16660 | -8/Materials | Repaired Enh. Autogun 16660 | -8/Materials | Learned 4 Lower Caves zone layouts 16690 | -8/Materials | Learned Storage emergency access door positions 16700 | -8/Materials | Repaired Adv. Treads 16708 | -8/Materials | Learned Factory trap positions 16739 | -8/Materials | Repaired Adv. Treads? 16778 | -8/Materials | Learned location of 1 exit from Storage 16826 | -8/Materials | Learned 2 Lower Caves zone layouts 16996 | -8/Materials | Repaired Nuclear Core 17130 | -8/Materials | Identified exit to Garrison 17686 | -8/Materials | Entered Garrison 17686 | -8/Garrison | Accompanied by 1 ally 17749 | -8/Garrison | Triggered checkpoint 18038 | -8/Garrison | DAS Turret deployed 18086 | -8/Garrison | Triggered checkpoint 18120 | -8/Garrison | Triggered checkpoint 18157 | -8/Garrison | Triggered checkpoint 18320 | -8/Garrison | Triggered checkpoint 18338 | -8/Garrison | Triggered checkpoint 18476 | -8/Garrison | Discovered new exit (range 5) 18816 | -8/Garrison | Spotted B-75 Beast 18874 | -8/Garrison | Destroyed B-75 Beast 19056 | -8/Garrison | Discovered new exit (range 13) 19160 | -8/Garrison | Triggered checkpoint 19215 | -8/Garrison | Garrison Relay disabled 19460 | -8/Garrison | Triggered checkpoint 19546 | -8/Garrison | Discovered new exit (range 3) 19685 | -8/Garrison | Identified exit to Materials 19716 | -8/Garrison | Entered Materials 19716 | -8/Materials | Accompanied by 1 ally 19717 | -8/Materials | Identified exit to Factory 19859 | -8/Materials | Discovered new exit (range 16) 20116 | -8/Materials | First assault squad dispatched 20229 | -8/Materials | Destroyed 8 combat bots 20743 | -8/Materials | DAS Turret deployed 21128 | -8/Materials | Repaired Lyr. Heavy Armor Plating 21453 | -8/Materials | Repaired Adv. Shield Generator 21498 | -8/Materials | Repaired Rnf. Deuterium Engine 21553 | -8/Materials | Repaired Imp. Medium Treads 21610 | -8/Materials | Repaired Adv. Cooling System 21667 | -8/Materials | Repaired Hyp. Coil Gun 21821 | -8/Materials | Discovered exit to Factory (range 10) 21973 | -8/Materials | Garrison activated, responded to threat 22661 | -8/Materials | Identified exit to Garrison 22661 | -8/Materials | Entered Garrison 22676 | -8/Garrison | Discovered new exit (range 65) 22676 | -8/Garrison | Discovered new exit (range 44) 22676 | -8/Garrison | Discovered new exit (range 70) 22727 | -8/Garrison | Triggered checkpoint 22745 | -8/Garrison | Spotted B-75 Beast 22755 | -8/Garrison | DAS Turret deployed 22762 | -8/Garrison | Core integrity fell below 50% 22765 | -8/Garrison | Allies destroyed B-75 Beast 22997 | -8/Garrison | Triggered checkpoint 23249 | -8/Garrison | Triggered checkpoint 23299 | -8/Garrison | Triggered checkpoint 23451 | -8/Garrison | Phase Generator disabled 23497 | -8/Garrison | Triggered checkpoint 23530 | -8/Garrison | Garrison Relay disabled 23800 | -8/Garrison | Garrison Relay disabled 23911 | -8/Garrison | Entered Materials 24311 | -8/Materials | First assault squad dispatched 24589 | -8/Materials | Repaired KE Penetrator 24647 | -8/Materials | Repaired Arm. Medium Treads 24698 | -8/Materials | Repaired Imp. Medium Treads 25858 | -8/Materials | Discovered exit to Factory (range 16) 26185 | -8/Materials | Repaired Lyr. Heavy Armor Plating 26478 | -8/Materials | Core integrity fell below 20% 28462 | -8/Materials | Sterilization system engaged 28462 | -8/Materials | Non-combat units ordered to evacuate 28562 | -8/Materials | Combat units ordered to evacuate 28762 | -8/Materials | Ambient heat levels rising (+10) 28788 | -8/Materials | Entered Factory 28788 | -7/Factory | Evolved 2 slots: Propulsion x1, Utility x1 28789 | -7/Factory | Loaded intel: 77 trap records 28790 | -7/Factory | FarCom data flow suspended 28900 | -7/Factory | Fabricated Adv. Hacking Suite? 29069 | -7/Factory | Fabricated Adv. Hacking Suite? 29120 | -7/Factory | Fabricated Adv. Hacking Suite? 29254 | -7/Factory | Build established: Hacker-Sprinter 29587 | -7/Factory | Manually triggered Chute Trap 29587 | -7/Factory | Sucked down chute 29587 | -7/Factory | Entered Waste 29602 | -7/Waste | Spotted C-40 Crusher 29604 | -7/Waste | Spotted C-40 Crusher 29605 | -7/Waste | Spotted C-40 Crusher 29606 | -7/Waste | Spotted C-40 Crusher 29608 | -7/Waste | Spotted C-40 Crusher 29611 | -7/Waste | Discovered new exit (range 13) 29620 | -7/Waste | Identified exit to Factory 29668 | -7/Waste | Spotted C-40 Crusher 29673 | -7/Waste | Warlord forces began an assault 29690 | -7/Waste | Allies destroyed C-40 Crusher 29802 | -7/Waste | Lost 18 allies 29868 | -7/Waste | Entered Factory 29885 | -7/Factory | Discovered new exit (range 16) 29890 | -7/Factory | Identified exit to Lower Caves 30078 | -7/Factory | Noticed a derelict Sapper rigging charges 30284 | -7/Factory | Fabricated S-27 Virus? 30353 | -7/Factory | Allied Derelicts emerged from ambush trap array 30376 | -7/Factory | Fabricated Cld. VTOL Module? 30398 | -7/Factory | Fabricated Cld. VTOL Module (x1) 30586 | -7/Factory | Allied Derelicts emerged from ambush trap array 30656 | -7/Factory | Fabricated Cld. VTOL Module? 30656 | -7/Factory | Discovered new exit (range 16) 30745 | -7/Factory | Discovered new exit (range 13) 30757 | -7/Factory | Fabricated Cld. VTOL Module? 30802 | -7/Factory | Identified exit to Factory 30817 | -7/Factory | Learned location of 1 exit from Lower Caves 30822 | -7/Factory | Fabricated Cld. VTOL Module? 30857 | -7/Factory | Loaded intel: 6 repair station locations 30896 | -7/Factory | Learned 2 Lower Caves zone layouts 31156 | -7/Factory | Repaired Mic. Nuclear Core 31452 | -7/Factory | Repaired Mic. Nuclear Core 31468 | -7/Factory | Search patrols dispatched 31486 | -7/Factory | Learned Extension emergency access door positions 31545 | -7/Factory | Learned Hub_04(d) non-interactive machine intel 31596 | -7/Factory | Loaded intel: 6 fabricator locations 31657 | -7/Factory | Learned Extension trap positions 31701 | -7/Factory | Repaired Cld. VTOL Module 31730 | -7/Factory | Learned location of 1 exit from Lower Caves 31741 | -7/Factory | Repaired Imp. Sensor Array 31786 | -7/Factory | Repaired Hvy. Rocket Launcher 31858 | -7/Factory | Repaired Cld. VTOL Module 31931 | -7/Factory | Repaired Cld. VTOL Module 32004 | -7/Factory | Repaired Cld. VTOL Module 32043 | -7/Factory | Repaired Imp. Datajack 32065 | -7/Factory | Entered Lower Caves 32066 | -7/Lower Caves | Identified exit to Lower Caves 32076 | -7/Lower Caves | Learned Factory terminal intel 32159 | -7/Lower Caves | Spotted B-75 Beast 32219 | -7/Lower Caves | Met a Warlord Commander 32220 | -7/Lower Caves | Learned location of Warlord (-4) 32221 | -7/Lower Caves | Warlord Commander delivered Encrypted Comm Array 32281 | -7/Lower Caves | Entered another Lower Caves area 32282 | -7/Lower Caves | Identified exit to Data Miner 32285 | -7/Lower Caves | Learned location of Extension (-6) 32342 | -7/Lower Caves | Spotted 2D-EBL(f) 32342 | -7/Lower Caves | Spotted PS-HWC(f) 32343 | -7/Lower Caves | Spotted 4D-GLL(f) 32344 | -7/Lower Caves | Encountered a Master Thief 32344 | -7/Lower Caves | Encountered a Master Thief 32344 | -7/Lower Caves | Encountered a Master Thief 32347 | -7/Lower Caves | Entered Data Miner 32347 | -7/Data Miner | Discovered new exit (range 6) 32352 | -7/Data Miner | Met Data Miner 32357 | -7/Data Miner | Learned location of Section 7 (-2) 32357 | -7/Data Miner | Acquired the access code to Warlord's prototype stash 32362 | -7/Data Miner | Received God Mode back door access code from Data Miner 32365 | -7/Data Miner | Destroyed Data Miner 32368 | -7/Data Miner | Found Prototype Hackware 32369 | -7/Data Miner | Found Prototype Hackware 32371 | -7/Data Miner | Found Prototype Hackware 32372 | -7/Data Miner | Found Prototype Hackware 32378 | -7/Data Miner | Data Conduit disabled 32467 | -7/Data Miner | Identified exit to Proximity Caves 32467 | -7/Data Miner | Entered Proximity Caves 32544 | -6/Proximity Caves | Unaware initiated a cargo recovery operation 32592 | -6/Proximity Caves | Learned Factory garrison access intel 32595 | -6/Proximity Caves | Learned Factory terminal intel 32712 | -6/Proximity Caves | Discovered exit to Factory (range 5) 32720 | -6/Proximity Caves | Entered Factory 32720 | -6/Factory | Evolved 2 slots: Utility x2 32721 | -6/Factory | Loaded intel: 28 terminal locations 32722 | -6/Factory | Loaded intel: 4 garrison access locations 32727 | -6/Factory | Identified Deep Network Scanner 32899 | -6/Factory | Identified Ghost Barrier 32899 | -6/Factory | Identified System Mapper 32899 | -6/Factory | Identified Quantum Router 33004 | -6/Factory | Fabricated Exp. Utility Shielding? 33014 | -6/Factory | Build established: Wizard-Sprinter 33132 | -6/Factory | Discovered new exit (range 15) 33215 | -6/Factory | Lost 4 parts (1p2n1w) 33317 | -6/Factory | Discovered new exit (range 16) 33324 | -6/Factory | Identified exit to Extension 33409 | -6/Factory | Lost 3 parts (1n1u1w) 33422 | -6/Factory | Repaired Cld. VTOL Module 33590 | -6/Factory | Fabricated Lrn. Sensor Array (x2) 33680 | -6/Factory | Learned location of 1 exit from Lower Caves 33739 | -6/Factory | Repaired Cld. VTOL Module 33785 | -6/Factory | Repaired Mic. Nuclear Core 33875 | -6/Factory | Fabricated Cld. VTOL Module (x1) 33897 | -6/Factory | Identified exit to Factory 33942 | -6/Factory | Discovered new exit (range 10) 33944 | -6/Factory | Identified exit to Lower Caves 34045 | -6/Factory | Learned location of Lower Caves (-6) 34076 | -6/Factory | Spotted B-75 Beast 34085 | -6/Factory | Manually triggered Chute Trap 34085 | -6/Factory | Sucked down chute 34085 | -6/Factory | Entered Waste 34086 | -6/Waste | Joined by Warlord forces that had cleared the area 34201 | -6/Waste | Discovered new exit (range 16) 34307 | -6/Waste | Identified exit to Factory 34608 | -6/Waste | Build established: Hacker-Mutant 34767 | -6/Waste | Entered Factory 34767 | -6/Factory | Accompanied by 20 allies 34768 | -6/Factory | Loaded intel: 28 terminal locations 34902 | -6/Factory | Lost 5 allies 34920 | -6/Factory | Fabricated Cld. VTOL Module? 34922 | -6/Factory | Fabricated Exp. Utility Shielding? 35020 | -6/Factory | Spotted B-75 Beast 35100 | -6/Factory | Lost 4 allies 35164 | -6/Factory | Fabricated Cld. VTOL Module (x1) 35264 | -6/Factory | Build established: Wizard-Sprinter 35331 | -6/Factory | Entered Extension 35331 | -6/Extension | Accompanied by 9 allies 35332 | -6/Extension | Loaded intel: 22 trap records 35386 | -6/Extension | Identified exit to Cetus 35511 | -6/Extension | Repaired Cld. VTOL Module 35582 | -6/Extension | Repaired Cld. VTOL Module 35654 | -6/Extension | Repaired Cld. VTOL Module 35714 | -6/Extension | Rescued a captive Derelict 35721 | -6/Extension | Rescued a captive Derelict 35727 | -6/Extension | Rescued a captive Derelict 35837 | -6/Extension | Learned location of 2 exits from Archives 35943 | -6/Extension | Learned location of 1 exit from Proximity Caves 35960 | -6/Extension | Spotted B-75 Beast 35982 | -6/Extension | Learned location of 2 exits from Archives 35982 | -6/Extension | Destroyed B-75 Beast 35993 | -6/Extension | Spotted B-75 Beast 36015 | -6/Extension | Allies destroyed B-75 Beast 36102 | -6/Extension | Learned location of Proximity Caves (-3) 36125 | -6/Extension | Repaired Cld. VTOL Module 36352 | -6/Extension | Rescued A7 36395 | -6/Extension | Rescued a captive Derelict 36395 | -6/Extension | Rescued a captive Derelict 36463 | -6/Extension | Rescued a captive Derelict 36587 | -6/Extension | Discovered exit to Factory (range 10) 36679 | -6/Extension | Entered Cetus 36679 | -6/Cetus | Accompanied by 17 allies (A7) 36684 | -6/Cetus | Acquired a Cetus Manufacturing Module code from A7 36725 | -6/Cetus | Spotted Cetus Guard 36725 | -6/Cetus | Spotted Cetus Guard 36725 | -6/Cetus | Spotted Cetus Guard 36725 | -6/Cetus | Spotted Cetus Guard 36740 | -6/Cetus | Started Cetus Manufacturing Module 36753 | -6/Cetus | Allies destroyed Cetus Guard 36765 | -6/Cetus | Manufactured an Enhanced Grunt 36780 | -6/Cetus | Escorted A7 to Cetus Mainframe 36781 | -6/Cetus | Lost 8 allies 36787 | -6/Cetus | Discovered new exit (range 15) 36790 | -6/Cetus | Manufactured an Enhanced Grunt 36815 | -6/Cetus | Manufactured an Enhanced Grunt 36840 | -6/Cetus | Manufactured an Enhanced Grunt 36865 | -6/Cetus | Manufactured an Enhanced Grunt 36912 | -6/Cetus | Murdered A7 36914 | -6/Cetus | Extracted ID and sensor layout for unrecognized location from A7's data core 36917 | -6/Cetus | Identified exit to Archives 37047 | -6/Cetus | Entered Archives 37047 | -6/Archives | Accompanied by 12 allies 37048 | -6/Archives | Identified exit to Hub_04(d) 37097 | -6/Archives | Lost 3 allies 37229 | -6/Archives | Entered Hub_04(d) 37229 | -6/Hub_04(d) | Accompanied by 9 allies 37230 | -6/Hub_04(d) | Loaded intel: 86 non-interactive machine locations 37274 | -6/Hub_04(d) | Discovered exit to Factory (range 11) 37311 | -6/Hub_04(d) | Garrison activated, responded to threat 37357 | -6/Hub_04(d) | Lost 3 allies 37651 | -6/Hub_04(d) | Network Hub disabled 37716 | -6/Hub_04(d) | Network Hub disabled 37734 | -6/Hub_04(d) | Network Hub disabled 37737 | -6/Hub_04(d) | Network Hub disabled 37761 | -6/Hub_04(d) | Entered Factory 37761 | -5/Factory | Evolved 2 slots: Propulsion x1, Utility x1 37868 | -5/Factory | Identified exit to Upper Caves 38073 | -5/Factory | Spotted B-75 Beast 38138 | -5/Factory | Discovered new exit (range 11) 38237 | -5/Factory | Identified exit to Factory 38264 | -5/Factory | Repaired Cld. VTOL Module 38288 | -5/Factory | Repaired Cld. VTOL Module 38289 | -5/Factory | Fabricated Cld. VTOL Module (x1) 38313 | -5/Factory | Repaired Cld. VTOL Module? 38408 | -5/Factory | Repaired Exp. Utility Shielding 38569 | -5/Factory | Discovered exit to Factory (range 16) 38936 | -5/Factory | Learned location of Testing (-3) 38992 | -5/Factory | Learned Research repair station intel 39118 | -5/Factory | Learned location of 1 exit from Armory 39127 | -5/Factory | Learned Extension interactive machine intel 39147 | -5/Factory | Learned Testing scanalyzer intel 39167 | -5/Factory | Gui. Plasma Cannon suddenly broke down 39223 | -5/Factory | Learned Extension terminal intel 39276 | -5/Factory | Learned Factory stockpile data 39313 | -5/Factory | Fabricated Mni. Smartbomb Launcher (x1) 39861 | -5/Factory | First assault squad dispatched 39939 | -5/Factory | Fabricated Exp. Hacking Suite (x1) 39972 | -5/Factory | Fabricated Exp. Signal Interpreter (x1) 40082 | -5/Factory | Repaired Cld. Nuclear Pulse Thruster 40124 | -5/Factory | Repaired Exp. Utility Shielding 40364 | -5/Factory | Fabricated Exp. Hacking Suite (x1) 40461 | -5/Factory | Search patrols dispatched 40489 | -5/Factory | Manually triggered Chute Trap 40489 | -5/Factory | Sucked down chute 40489 | -5/Factory | Entered Waste 40489 | -5/Waste | The area was eerily silent 40490 | -5/Waste | Identified exit to Factory 40539 | -5/Waste | A Compactor rumbled back to life 40539 | -5/Waste | Spotted C-40 Crusher 41005 | -5/Waste | Entered Factory 41380 | -5/Factory | Repaired Cld. Nuclear Pulse Thruster 41526 | -5/Factory | Fabricated Exp. Hacking Suite? 41527 | -5/Factory | Fabricated Exp. Hacking Suite? 41654 | -5/Factory | Fabricated Exp. Targeting Computer? 41672 | -5/Factory | Fabricated Exp. Targeting Computer (x1) 41703 | -5/Factory | Fabricated Exp. Targeting Computer (x1) 41890 | -5/Factory | Fabricated Exp. Targeting Computer (x1) 42253 | -5/Factory | Cargo convoy interrupted 42318 | -5/Factory | Found Prototype Launcher 42318 | -5/Factory | Identified Adv. Micro-nuke Launcher 42321 | -5/Factory | Found Prototype Device 42321 | -5/Factory | Identified Exp. Thermal Shield 42336 | -5/Factory | Found PL-3XN's Ring of Power 42430 | -5/Factory | Repaired Cld. Nuclear Pulse Thruster? 42467 | -5/Factory | Repaired Cld. Nuclear Pulse Thruster 42522 | -5/Factory | Repaired Cld. Nuclear Pulse Thruster 42558 | -5/Factory | Repaired Cld. Nuclear Pulse Thruster? 42567 | -5/Factory | Repaired Plasma Sword 42657 | -5/Factory | Repaired Exp. Utility Shielding 42767 | -5/Factory | Entered Upper Caves 42808 | -5/Upper Caves | Learned Factory garrison access intel 42873 | -5/Upper Caves | Discovered new exit (range 12) 42886 | -5/Upper Caves | Encountered a Warlord checkpoint 42964 | -5/Upper Caves | Identified exit to Upper Caves 43142 | -5/Upper Caves | Entered another Upper Caves area 43209 | -5/Upper Caves | Learned location of 1 exit from Factory 43320 | -5/Upper Caves | Discovered new exit (range 8) 43321 | -5/Upper Caves | Identified exit to Zhirov 43322 | -5/Upper Caves | Spotted B-75 Beast 43487 | -5/Upper Caves | Entered Zhirov 43487 | -5/Zhirov | Discovered new exit (range 3) 43492 | -5/Zhirov | Met Zhirov 43497 | -5/Zhirov | Learned location of Quarantine (-2) 43499 | -5/Zhirov | Zhirov requested help retrieving the SGEMP Prototype 43503 | -5/Zhirov | Found Alien Artifact 43503 | -5/Zhirov | Identified Integrated Dissipator 43503 | -5/Zhirov | Installed Integrated Dissipator, increased core heat dissipation (+20) 43511 | -5/Zhirov | Found Alien Artifact 43558 | -5/Zhirov | Identified exit to Proximity Caves 43559 | -5/Zhirov | Entered Proximity Caves 43776 | -4/Proximity Caves | Received a Behemoth hack from an annoying Tinkerer 43811 | -4/Proximity Caves | Build established: Wizard-Mutant 44273 | -4/Proximity Caves | Entered Factory 44273 | -4/Factory | Evolved 2 slots: Power x1, Utility x1 44274 | -4/Factory | Identified exit to Upper Caves 44275 | -4/Factory | Loaded intel: 4 garrison access locations 44350 | -4/Factory | Fabricated Exp. Hacking Suite (x1) 44489 | -4/Factory | Central database locked down 44542 | -4/Factory | Fabricated Graviton Reactor (x1) 44566 | -4/Factory | Build established: Wizard-Sprinter 44573 | -4/Factory | Fabricated Lrn. Terrain Scanner (x2) 44585 | -4/Factory | Identified exit to Armory 44585 | -4/Factory | Identified exit to Research 44676 | -4/Factory | Fabricated Graviton Reactor (x1) 44934 | -4/Factory | Spotted B-86 Titan 44957 | -4/Factory | Fabricated Exp. Terrain Scan Processor (x1) 45201 | -4/Factory | Repaired Cld. Plasma Cannon 45247 | -4/Factory | Repaired Cld. Nuclear Pulse Thruster 45288 | -4/Factory | Repaired Exp. Utility Shielding 45344 | -4/Factory | Repaired Graviton Reactor 45389 | -4/Factory | Repaired Cld. Nuclear Pulse Thruster 45435 | -4/Factory | Repaired Cld. Nuclear Pulse Thruster 45459 | -4/Factory | Manually triggered Chute Trap 45459 | -4/Factory | Sucked down chute 45459 | -4/Factory | Entered Waste 45460 | -4/Waste | Met a frightened Derelict 45467 | -4/Waste | Spotted C-40 Crusher 45470 | -4/Waste | Spotted C-40 Crusher 45472 | -4/Waste | Spotted C-40 Crusher 45482 | -4/Waste | Warlord forces began an assault 45546 | -4/Waste | Allies destroyed C-40 Crusher 45547 | -4/Waste | Allies destroyed C-40 Crusher 45600 | -4/Waste | Spotted C-40 Crusher 45605 | -4/Waste | Allies destroyed C-40 Crusher 45606 | -4/Waste | Spotted C-40 Crusher 45612 | -4/Waste | Allies destroyed C-40 Crusher 45756 | -4/Waste | Spotted C-40 Crusher 45787 | -4/Waste | Allies destroyed C-40 Crusher 45789 | -4/Waste | Discovered new exit (range 14) 45793 | -4/Waste | Identified exit to Factory 46009 | -4/Waste | Entered Factory 46009 | -4/Factory | Accompanied by 18 allies 46113 | -4/Factory | Spotted B-86 Titan 46205 | -4/Factory | Lost 5 allies 46218 | -4/Factory | Spotted B-86 Titan 46248 | -4/Factory | Destroyed B-86 Titan 46259 | -4/Factory | First assault squad dispatched 46277 | -4/Factory | Lost 3 allies 46294 | -4/Factory | Fabricated Exp. Sensor Array (x1) 46409 | -4/Factory | Fabricated Exp. Terrain Scanner? 46628 | -4/Factory | Repaired Graviton Reactor 46684 | -4/Factory | Repaired Graviton Reactor 46729 | -4/Factory | Repaired Cld. Nuclear Pulse Thruster? 46797 | -4/Factory | Repaired Plasma Sword 46843 | -4/Factory | Repaired Cld. Nuclear Pulse Thruster 46888 | -4/Factory | Repaired Cld. Nuclear Pulse Thruster 46933 | -4/Factory | Repaired Mni. Smartbomb Launcher 46991 | -4/Factory | Destroyed 10 combat bots 47421 | -4/Factory | Entered Armory 47494 | -4/Armory | Identified Transdimensional Reconstructor 47494 | -4/Armory | Warped through subspace to slip node 47494 | -4/Armory | Discovered new exit (range 1) 47494 | -4/Armory | Identified exit to Lab 47676 | -4/Armory | Fabricated Cld. Nuclear Pulse Thruster (x1) 47692 | -4/Armory | Fabricated Cld. Nuclear Pulse Thruster (x1) 47928 | -4/Armory | Spotted Armor Guard 47928 | -4/Armory | Spotted Armor Guard 47928 | -4/Armory | Spotted Armor Guard 47928 | -4/Armory | Spotted Armor Guard 48210 | -4/Armory | Found Disassembled Obliterator 48215 | -4/Armory | Found PL-3XN's Ring of Power 48225 | -4/Armory | Entered Lab 48225 | -4/Lab | Discovered exit to Research (range 9) 48228 | -4/Lab | Hidden lab's door opened automatically 48228 | -4/Lab | Sensor layout match revealed 48239 | -4/Lab | Gained access to the hidden lab's interior 48249 | -4/Lab | Found Alien Artifact 48249 | -4/Lab | Identified Integrated Reactor 48249 | -4/Lab | Installed Integrated Reactor, increased core energy generation (+10) 48255 | -4/Lab | Found Alien Artifact 48255 | -4/Lab | Identified Core Regenerator 48255 | -4/Lab | Used Core Regenerator, restored core integrity (+287) 48271 | -4/Lab | Found Deep Network Scanner 48278 | -4/Lab | Found Prototype Protection 48278 | -4/Lab | Identified Exp. Powered Armor 48282 | -4/Lab | Found Prototype Energy Cannon 48282 | -4/Lab | Identified Warp Cannon 48342 | -4/Lab | Found Transdimensional Reconstructor 48365 | -4/Lab | Entered Research 48365 | -3/Research | Evolved 2 slots: Utility x2 48366 | -3/Research | Loaded intel: 4 repair station locations 48384 | -3/Research | Identified exit to Testing 48384 | -3/Research | Identified exit to Research 48664 | -3/Research | Build established: Wizard-Scout 48667 | -3/Research | Repaired Graviton Reactor? 48672 | -3/Research | Repaired Cld. Nuclear Pulse Thruster? 48717 | -3/Research | Fabricated Exp. Reaction Control System? 48849 | -3/Research | Entered Testing 48850 | -3/Testing | Loaded intel: 3 scanalyzer locations 49065 | -3/Testing | Destroyed 8 combat bots 49172 | -3/Testing | Found Prototype Ballistic Gun 49172 | -3/Testing | Identified Hyp. Multirail 49194 | -3/Testing | Discovered exit to Research (range 5) 49213 | -3/Testing | Found System Mapper 49238 | -3/Testing | Found Prototype Launcher 49238 | -3/Testing | Identified Z-bomb Delivery System 49304 | -3/Testing | Repaired Cld. Nuclear Pulse Thruster 49335 | -3/Testing | Repaired Cld. Nuclear Pulse Thruster 49365 | -3/Testing | Repaired Cld. Nuclear Pulse Thruster 49393 | -3/Testing | Repaired Exp. Utility Shielding 49543 | -3/Testing | Entered Research 49543 | -2/Research | Evolved 2 slots: Propulsion x1, Utility x1 49573 | -2/Research | Identified exit to Quarantine 49573 | -2/Research | Identified exit to Access 49688 | -2/Research | Fabricated Exp. Phase Shifter (x1) 49692 | -2/Research | Spotted B-90 Cyclops 49793 | -2/Research | Search patrols dispatched 49894 | -2/Research | Fabricated Femtoactuators (x1) 49951 | -2/Research | Entered Quarantine 50082 | -2/Quarantine | Cryocooling Duct disabled 50097 | -2/Quarantine | Ambient heat levels rising (+20) 50097 | -2/Quarantine | Non-combat units ordered to evacuate 50143 | -2/Quarantine | Learned 8 Research zone layouts 50170 | -2/Quarantine | Repaired Graviton Reactor 50191 | -2/Quarantine | Learned Access fabricator intel 50200 | -2/Quarantine | Repaired Cld. Nuclear Pulse Thruster? 50228 | -2/Quarantine | Learned location of 1 exit from Research 50242 | -2/Quarantine | Found Alien Artifact 50252 | -2/Quarantine | Identified Core Reset Matrix 50267 | -2/Quarantine | Identified exit to Section 7 50272 | -2/Quarantine | Learned 8 Research zone layouts 50273 | -2/Quarantine | Learned location of 1 exit from Research 50311 | -2/Quarantine | Found Alien Artifact 50312 | -2/Quarantine | Identified Subatomic Replicator 50312 | -2/Quarantine | Used Subatomic Replicator to replicate PL-3XN's Ring of Power 50317 | -2/Quarantine | Assembled PL-3XN's Obliterator 50325 | -2/Quarantine | Found Alien Artifact 50326 | -2/Quarantine | Identified Hpw. Transdimensional Reconstructor 50326 | -2/Quarantine | Warped through subspace 50343 | -2/Quarantine | Found Alien Artifact 50343 | -2/Quarantine | Identified Dimensional Node Initializer 50343 | -2/Quarantine | Initialized slip node 50349 | -2/Quarantine | Found Hpw. Transdimensional Reconstructor 50352 | -2/Quarantine | Found Dimensional Node Initializer 50364 | -2/Quarantine | Spotted Fortress 50377 | -2/Quarantine | Entered Section 7 50443 | -2/Section 7 | Discovered exit to Access (range 28) 50526 | -2/Section 7 | Destroyed 9 combat bots 50655 | -2/Section 7 | Initialized slip node 50672 | -2/Section 7 | Spotted S7 Guard 50721 | -2/Section 7 | Found Alien Artifact 50777 | -2/Section 7 | Build established: Wizard-Sprinter 50799 | -2/Section 7 | Found Integrated Reactor 50799 | -2/Section 7 | Installed Integrated Reactor, increased core energy generation (+10) 50879 | -2/Section 7 | Found Integrated Dissipator 50879 | -2/Section 7 | Installed Integrated Dissipator, increased core heat dissipation (+20) 50968 | -2/Section 7 | Spotted S7 Guard 51036 | -2/Section 7 | Repaired Exp. Utility Shielding 51082 | -2/Section 7 | Repaired Cld. Nuclear Pulse Thruster 51127 | -2/Section 7 | Repaired Cld. Nuclear Pulse Thruster 51173 | -2/Section 7 | Repaired Cld. Nuclear Pulse Thruster 51218 | -2/Section 7 | Repaired Cld. Nuclear Pulse Thruster 51264 | -2/Section 7 | Repaired Plasma Sword 51280 | -2/Section 7 | Found Integrated Dissipator 51280 | -2/Section 7 | Installed Integrated Dissipator, increased core heat dissipation (+20) 51315 | -2/Section 7 | Warp Cannon suddenly broke down 51327 | -2/Section 7 | Found Alien Artifact 51373 | -2/Section 7 | Identified Integrated Thermoelectric Network 51373 | -2/Section 7 | Identified Core Physics Calibrator 51392 | -2/Section 7 | Spotted S7 Guard 51393 | -2/Section 7 | Installed Integrated Thermoelectric Network, gained heat-energy exchange potential 51398 | -2/Section 7 | Found Alien Artifact 51497 | -2/Section 7 | Identified Navigation Efficiency Matrix 51519 | -2/Section 7 | Spotted B-99 Colossus 51532 | -2/Section 7 | Found Alien Artifact 51532 | -2/Section 7 | Identified LRC Insulator 51532 | -2/Section 7 | Installed LRC Insulator, gained EM resistance (25) 51533 | -2/Section 7 | Found LRC Insulator 51533 | -2/Section 7 | Installed LRC Insulator, gained EM resistance (25) 51545 | -2/Section 7 | Found Integrated Dissipator 51545 | -2/Section 7 | Installed Integrated Dissipator, increased core heat dissipation (+20) 51546 | -2/Section 7 | Found Integrated Dissipator 51546 | -2/Section 7 | Installed Integrated Dissipator, increased core heat dissipation (+20) 51548 | -2/Section 7 | Found Integrated Dissipator 51548 | -2/Section 7 | Installed Integrated Dissipator, increased core heat dissipation (+20) 51561 | -2/Section 7 | Scanned by Researcher 51562 | -2/Section 7 | Intercept squad dispatched 51575 | -2/Section 7 | Spotted Tracker 51576 | -2/Section 7 | Spotted Tracker 51580 | -2/Section 7 | Destroyed Tracker 51584 | -2/Section 7 | Destroyed Tracker 51606 | -2/Section 7 | Spotted Combat Programmer 51607 | -2/Section 7 | Spotted Combat Programmer 51637 | -2/Section 7 | Lost 3 parts (1p1n1u) 51664 | -2/Section 7 | Destroyed Combat Programmer 51689 | -2/Section 7 | Destroyed Combat Programmer 51740 | -2/Section 7 | Found Alien Artifact 51759 | -2/Section 7 | Found Transdimensional Reconstructor 51760 | -2/Section 7 | Warped through subspace to slip node 51763 | -2/Section 7 | Identified Integrity Redistributor 51791 | -2/Section 7 | Entered Access 51791 | -1/Access | Evolved 2 slots: Propulsion x1, Weapon x1 51792 | -1/Access | Loaded intel: 4 fabricator locations 51840 | -1/Access | Repaired Cld. Nuclear Pulse Thruster 51870 | -1/Access | Repaired Cld. Nuclear Pulse Thruster 51907 | -1/Access | Repaired Cld. Nuclear Pulse Thruster 51915 | -1/Access | Garrison activated, responded to threat 51992 | -1/Access | Intercept squad dispatched 52021 | -1/Access | Spotted Tracker 52021 | -1/Access | Spotted Tracker 52026 | -1/Access | Destroyed Tracker 52026 | -1/Access | Destroyed Tracker 52043 | -1/Access | Found Exp. Targeting Computer 52050 | -1/Access | Spotted Combat Programmer 52079 | -1/Access | Spotted Combat Programmer 52088 | -1/Access | Fabricated Exp. Utility Shielding? 52120 | -1/Access | Identified exit to Surface 52120 | -1/Access | Identified exit to Command 52143 | -1/Access | Intercept squad dispatched 52158 | -1/Access | Spotted Tracker 52159 | -1/Access | Spotted Tracker 52160 | -1/Access | Spotted Tracker 52162 | -1/Access | Destroyed Tracker 52172 | -1/Access | Destroyed Tracker 52197 | -1/Access | Destroyed Tracker 52201 | -1/Access | Found Exp. Targeting Computer 52203 | -1/Access | Spotted Combat Programmer 52220 | -1/Access | Lost 6 parts (1p2n2u1w) 52224 | -1/Access | Spotted Combat Programmer 52225 | -1/Access | Spotted Combat Programmer 52272 | -1/Access | Lost 3 parts (1p1n1w) 52281 | -1/Access | Used Integrity Redistributor, redistributed integrity from core (-45) 52285 | *** | Escaped! Last Messages --------------- 52237_ M-36 Artificer fits Backup Propulsion VII on G-73 Enforcer. 52238_ Cld. Nuclear Pulse Thruster destroyed. 52239_ M-36 Artificer fits Backup Plating VII on G-73 Enforcer. 52240_ U-05 Engineer builds a Wall. 52240_ EMDS Slug penetrates Wall. 52241_ Penetrated by EMDS Slug. 52241_ Mni. Smartbomb Launcher destroyed. 52242_ U-05 Engineer builds a Wall. 52242_ Slug penetrates Wall. 52243_ U-05 Engineer lays Concrete. 52243_ EMDS Slug penetrates Wall. 52259_ Acquired Adv. Hardlight Generator. 52267_ ALERT: Suspicious intruders detected, dispatching Cutter reinforcements to area. 52274_ Cld. Nuclear Pulse Thruster destroyed. 52280_ Connecting with Terminal... >>Open(Door) Sealed Barrier opened. 52280_ The Access Shell folds into the floor. 52281_ Integrity redistributed from core (-45). Map ----- +----------------------------------------------------+ | ???????????? #???#?#????##???#?#?# ? ??? ???????? | | ??????????????????#??#??#??#?#??## ????? ?? ?????? | | ???????#?##???##?????#??##?#????##?????#??#??#?#?? | | ?????????##???###??#?##??##???#???#??###?#???#???? | | ?????##???#??##?##?###????????#??####???##??#??? ? | | ??? ??##?#?#??####?????####?#??#??#?##? ? ? ?? | | ????#?#?????#?????#?????#####?###?###? ???? ??? | | ????##???#?#????#?#?##??##?###??######??#??#???? ? | | ??? ?##?####??##??#??#???####??#??#??? ####?###?# | | ???#??#?#????##???##?#??#### ?? ?# ??###??#/# | | ###??#??#?##??#????##??####?? ???? ?? ?? ? ?? | | ?? ??? ?###?#???###########? ? ?? ?#? # ? ? ?? ? | | ? ?? ??#?##??########?#?### ? ???# ? " | | ?? ? ?####?????##?###??#?# # # ? "?"? | | ? ???"""?##?###??##########??? ?? ? # ? ??" | | ? ?""???##?##??#????###??## ?? ???+ /?? ??" | | ? """""??####?#######?#?##? ? ?? #?? ? ??? | | ??? ??"??????#???######?#?##?? ?? ? k# ?? ? ? | | ? ??""?????####?######??##?#?##?#??## ####?##?#? | | ?? ? ??? #####?#?##?######?######?#### #####?#?## | | ?? ?? ?##?#?#?############# ####### #####?#?## | | ???? ? # ???? """" k########## | | ?????? ??? BB ???" #########? | | ?#?#?#?#?? BB ??"" #######?## | | ??? ? ??? """" ###?###??? | | ??#? ??? ?""" "@ ####??#### | | ??# ? ? ? ?? """" "" #??#??#?## | | ?#?? ??? ? ??? ?""" ###??##### | | ????? ###?? BB ""?" g ##?#?##?#? | | ??# ### ? BB ""?" """ """ ####??###? | | ### ? ?### ? ? ""?" """T""" ##?#????## | | ??? ##?#################### #######g #####?#?## | | ???? ???##?###?##########?#########?# #####??### | | ?? ? ??#?##?##?##?################## ##??###?## | | ? ?? ??####? s #######???##?##??## k#######??# | | #?#????##?#?? ? #########?###?##### ########## | | ?? ??# sss ?##########?###?##?# ##??###### | | ??? ? # "" # ##############s ######## | | ? ?? ?# ?"" + ss s s A # | | ? #? S"? # s +?? | | ? ? ? "?" # ##################### # ? | | ?""??"" #? """? ## ####?### ? ?? # # | | """""" # """? ## ## ?? # # # | | ?"""?? ? # ## ## ? # ? ? + + | | ?""""" ??# ## ## ?? ?# #? # | | ? ""??"" ?######### ## # ?" # # | | ?? #?####?### ## # """ ? # | | ??? ? ########## ##? # ?"" # # | | ?##?#?#?##?#??###### # # " ? #? # ? | | ?###?##?####?####### # # ? # ### | +----------------------------------------------------+ Best States ------------- Heat Dissipation 172 Energy Generation 73 Energy Capacity 580 Matter Stores 300 Matter Capacity 300 Sight Range 16 Robot Scan Range 20 Terrain Scan Range 30 Terrain Scan Density 1010 Additional Mass Support 25 Armor Coverage 675 Resistance: TH 15 Resistance: EM 25 Utility Shielding 90 Weapon Cycling 15 Melee Speed Boost 50 Phase Shifting 20 Evasion (%) 101 Targeting Accuracy 48 Recoil Reduction 3 Offensive Hacking 100 Defensive Hacking 25 Trap Extractor Capacity 6 Item Schematics ----------------- Adv. Hacking Suite | -8/Materials | Scanalyzed Lyr. Heavy Armor Plating | -8/Materials | Scanalyzed Imp. Utility Shielding | -8/Materials | Scanalyzed Cld. VTOL Module | -7/Factory | Hacked Combat Drone Bay | -7/Data Miner | Free Lgt. Regenerative Plating | -7/Data Miner | Free Biomechanical Wings | -7/Data Miner | Free Gravity Neutralizer | -7/Data Miner | Free Antimatter Cannon | -7/Data Miner | Free Linear Gravjet | -7/Data Miner | Free Lance | -7/Data Miner | Free Imp. System Restoration Module | -7/Data Miner | Free Arm. Medium Treads | -7/Data Miner | Free Exp. Utility Shielding | -6/Factory | Hacked Lrn. Sensor Array | -6/Factory | Hacked Exp. Targeting Computer | -5/Factory | Hacked Cld. Plasma Cannon | -5/Factory | Scanalyzed Lyr. Medium Armor Plating | -5/Factory | Scanalyzed Cld. Nuclear Pulse Thruster | -5/Factory | Scanalyzed Mni. Smartbomb Launcher | -5/Factory | Hacked Exp. Hacking Suite | -5/Factory | Hacked Exp. Signal Interpreter | -5/Factory | Hacked Exp. System Shield | -5/Factory | Hacked Exp. Terrain Scan Processor | -5/Factory | Hacked Exp. Melee Analysis Suite | -5/Factory | Hacked Adv. Transmission Jammer | -5/Factory | Hacked Assault Drone Bay | -5/Zhirov | Free Exp. Heat Sink | -5/Zhirov | Free Exp. Optical Array | -5/Zhirov | Free Imp. Arc Thrower | -5/Zhirov | Free Graviton Reactor | -4/Factory | Hacked Exp. Sensor Array | -4/Factory | Hacked Exp. Terrain Scanner | -4/Factory | Hacked Exp. Reaction Control System | -3/Research | Hacked Exp. Phase Shifter | -2/Research | Hacked Zero-point Reactor | -2/Research | Hacked Femtoactuators | -2/Research | Hacked Quantum Shading Machine | -2/Section 7 | Archive Hvy. Antimatter Reactor | -2/Section 7 | Archive Imp. Q-thruster | -2/Section 7 | Archive Exp. Biometal Medium Treads | -2/Section 7 | Archive Enh. Armored Heavy Treads | -2/Section 7 | Archive Tiamat Missile Launcher | -2/Section 7 | Archive Hvy. Tesla Rifle | -2/Section 7 | Archive Exp. Coolant Injector | -2/Section 7 | Archive Imp. KE Penetrator | -2/Section 7 | Archive Lgt. Antimatter Cannon | -2/Section 7 | Archive Robot Schematics ------------------ M-13 Machinist | -10/Materials | Hacked A-15 Conveyor | -7/Data Miner | Free G-47 Trooper | -7/Data Miner | Free G-50 Soldier | -7/Data Miner | Free R-10 Processor | -7/Data Miner | Free S-43 Plague | -2/Section 7 | Archive Fabricated ------------ Adv. Hacking Suite | x1 | -7/Factory Adv. Hacking Suite | x1 | -7/Factory S-27 Virus | x4 | -7/Factory | Preloaded Cld. VTOL Module | x1 | -7/Factory Cld. VTOL Module | x1 | -7/Factory Cld. VTOL Module | x1 | -7/Factory Cld. VTOL Module | x1 | -7/Factory Cld. VTOL Module | x1 | -7/Factory Exp. Utility Shielding | x1 | -6/Factory Lrn. Sensor Array | x2 | -6/Factory Cld. VTOL Module | x1 | -6/Factory Cld. VTOL Module | x1 | -6/Factory Exp. Utility Shielding | x1 | -6/Factory Cld. VTOL Module | x1 | -6/Factory Cld. VTOL Module | x1 | -5/Factory Mni. Smartbomb Launcher | x1 | -5/Factory Exp. Hacking Suite | x1 | -5/Factory Exp. Signal Interpreter | x1 | -5/Factory Exp. Hacking Suite | x1 | -5/Factory Exp. Hacking Suite | x1 | -5/Factory Exp. Hacking Suite | x1 | -5/Factory Exp. Targeting Computer | x1 | -5/Factory Exp. Targeting Computer | x1 | -5/Factory Exp. Targeting Computer | x1 | -5/Factory Exp. Targeting Computer | x1 | -5/Factory Exp. Hacking Suite | x1 | -4/Factory Graviton Reactor | x1 | -4/Factory Lrn. Terrain Scanner | x2 | -4/Factory | Preloaded Graviton Reactor | x1 | -4/Factory Exp. Terrain Scan Processor | x1 | -4/Factory Exp. Sensor Array | x1 | -4/Factory Exp. Terrain Scanner | x1 | -4/Factory Cld. Nuclear Pulse Thruster | x1 | -4/Armory Cld. Nuclear Pulse Thruster | x1 | -4/Armory Exp. Reaction Control System | x1 | -3/Research Exp. Phase Shifter | x1 | -2/Research Femtoactuators | x1 | -2/Research Exp. Utility Shielding | x1 | -1/Access Alien Tech Used ----------------- Integrated Dissipator Transdimensional Reconstructor Integrated Reactor Core Regenerator Subatomic Replicator High-powered Transdimensional Reconstructor Dimensional Node Initializer Integrated Thermoelectric Network LRC Insulator Integrity Redistributor Achievements -------------- Perfect Aim l33t h4x0r Challenges ------------ None Game ------ Seed InertialStorageKatana Manual? 0 Play Time 07:12:46 Cumulative 658.6 hours Start 2025.03.16 @ 08:16:40 End 2025.03.20 @ 20:43:27 Sessions 35 Manual Loads 0 Difficulty Rogue Special Mode None Game No. 351 Rogue 351 Adventurer 0 Explorer 0 Win Type 0 Total 54 Types 37/4/5/1/1/1/3/1/1 Lore% 89 Gallery% 89 Achievement% 91 Wizard Run 0 Options --------- Layout 0 ASCII 0 Keyboard 1 Movement Numpad Keybinds 0 Fullscreen 2 Font 18/SmallcapsGlow Map View 76x50 Zoom Use 0% Tactical HUD 1 Map Filters NONE Filters NONE Steam 1 RUN: 850c1b55-1ddb-4de3-8552-02e652129809